 Dungeon Crawl Stone Soup version 0.29.0-15-g675c0067aa (webtiles) character file.

Game seed: 8027273950764717788

459762 qw the Slayer (level 23, -9/236 HPs)
             Began as a Minotaur Berserker on Sept 12, 2022.
             Was an Elder of Trog.
             Mangled by an ettin
             ... wielding a +0 dire flail
              (10 damage)
             ... on level 5 of the Vaults.
             The game lasted 00:24:03 (57744 turns).

qw the Slayer (Minotaur Berserker)                 Turns: 57744, Time: 00:24:04

Health: -9/236     AC: 40    Str: 32    XL:     23   Next: 34%
Magic:  22/22      EV: 11    Int:  7    God:    Trog [****..]
Gold:   2490       SH: 26    Dex:  8    Spells: 22/22 levels left

rFire   + . .      SeeInvis +   q - +8 broad axe "Symafro" {vorpal, Int+3 Stlth+}
rCold   + + .      Faith    .   d - +0 tower shield {rPois}
rNeg    + + +      Spirit   .   y - +8 plate armour of Xato {*Corrode Fly rC+ rN+++}
rPois   +          Reflect  +   (helmet restricted)
rElec   +          Harm     .   C - +1 cloak "Xaiguac" {rF+ rN+ Dex-3}
rCorr   .          Rampage  .   h - +0 pair of gloves "Icaracim" {+Inv rC- rN+++ Slay+6}
Will    ++++.                   f - +2 pair of boots
Stlth   ..........              z - amulet of reflection
HPRegen 1.49/turn               x - ring "Duifib" {Ice rElec SInv}
MPRegen 0.18/turn               B - ring "Avufin" {rC+ Will+}

@: about to teleport, strong-willed, on berserk cooldown, flying, regenerating,
slowed, very slow
A: horns 2, retaliatory headbutt, iridescent scales 1, fire resistance 1
}: 2/15 runes: serpentine, barnacled
a: Renounce Religion, Evoke Invisibility, Berserk, Trog's Hand, Brothers in Arms


You were on level 5 of the Vaults.
You worshipped Trog.
Trog was greatly pleased with you.
You visited 7 branches of the dungeon, and saw 39 of its levels.
You also visited: Ossuary, Gauntlet and Desolation.

You collected 5086 gold pieces.
You spent 2596 gold pieces at shops.


Innate Abilities, Weirdness & Mutations

You have a pair of horns on your head.
You reflexively headbutt those who attack you in melee.
You are partially covered in iridescent scales. (AC +2)
Your flesh is heat resistant. (rF+)


   Skills:
 - Level 26.0 Fighting
 - Level 20.0 Axes
 - Level 15.0 Throwing
 + Level 24.7 Armour
 - Level 12.0 Dodging
 - Level 22.8 Shields


You had 22 spell levels left.
You didn't know any spells.
Your spell library was empty.

Inventory:

Hand Weapons
 q - the +8 broad axe "Symafro" (weapon) {vorpal, Int+3 Stlth+}
   (You found it on level 2 of the Lair of Beasts)

   It inflicts extra damage upon your enemies.
   Int:       It affects your intelligence (+3).
   Stlth:     It makes you more stealthy.
 L - a +9 vorpal broad axe
Missiles
 m - 22 javelins (quivered)
Armour
 d - a +0 tower shield of poison resistance (worn)
 e - a +1 crystal plate armour
 f - a +2 pair of boots (worn)
 h - the +0 pair of gloves "Icaracim" (worn) {+Inv rC- rN+++ Slay+6}
   (You acquired it on level 4 of the Dungeon)

   Slay:      It affects your accuracy & damage with ranged weapons and melee
   (+6).
   rC:        It makes you vulnerable to cold.
   rN:        It renders you almost immune to negative energy.
   +Inv:      It lets you turn invisible.
 o - a scarf of repulsion
 v - +0 gold dragon scales
 w - the -1 hat "Nem Ol Soo" {rF+ Int-4 Stlth+}
   (You found it in a Gauntlet)

   Int:       It affects your intelligence (-4).
   rF:        It protects you from fire.
   Stlth:     It makes you more stealthy.
 y - the +8 plate armour of Xato (worn) {*Corrode Fly rC+ rN+++}
   (You took it off a minotaur in a Gauntlet)

   rC:        It protects you from cold.
   rN:        It renders you almost immune to negative energy.
   Fly:       It grants you flight.
   *Corrode:  It may corrode you when you take damage.
 C - the +1 cloak "Xaiguac" (worn) {rF+ rN+ Dex-3}
   (You acquired it on level 2 of the Depths)

   Dex:       It affects your dexterity (-3).
   rF:        It protects you from fire.
   rN:        It protects you from negative energy.
 F - a +3 plate armour of fire resistance
 G - a +1 cloak
Jewellery
 i - a ring of protection from fire
 x - the ring "Duifib" (left hand) {Ice rElec SInv}
   (You found it in a Gauntlet)

   [ring of ice]

   It enhances your ice magic.
   rF:        It makes you vulnerable to fire.
   rC:        It protects you from cold.
   rElec:     It insulates you from electricity.
   SInv:      It lets you see invisible.
 z - an amulet of reflection (around neck)
 B - the ring "Avufin" (right hand) {rC+ Will+}
   (You took it off a centaur on level 14 of the Dungeon)

   [ring of protection from cold]

   rC:        It protects you from cold.
   Will:      It increases your willpower.
 D - the ring "Gara" {rPois AC+4}
   (You found it on level 4 of the Shoals)

   [ring of protection]

   AC:        It affects your AC (+4).
   rPois:     It protects you from poison.
 E - a ring of protection from fire
 Y - a +4 ring of protection
Wands
 K - a wand of digging (6)
Scrolls
 b - a scroll of brand weapon
 j - 4 scrolls of enchant weapon
 n - 15 scrolls of identify
 s - 8 scrolls of teleportation
 A - 4 scrolls of enchant armour
Potions
 a - 6 potions of might
 g - 20 potions of curing
 k - 7 potions of mutation
 p - 10 potions of heal wounds
 r - 2 potions of resistance
 t - 5 potions of cancellation
 u - 2 potions of haste

Dungeon Overview and Level Annotations

Branches:
Dungeon (15/15)            Temple (0/1) D:7            Lair (5/5) D:10
 Shoals (4/4) Lair:3        Snake (4/4) Lair:2        Slime (0/5) Lair:4
    Orc (2/2) D:10            Elf (0/3) Orc:2        Vaults (5/5) D:14
  Crypt (0/3) Vaults:2     Depths (4/4) D:15            Zot (0/5) Depths:4
Ossuary (visited)         Desolation (visited)      Gauntlet (visited)

Altars:
Cheibriados
Elyvilon
Hepliaklqana
Kikubaaqudgha
Makhleb
Nemelex Xobeh
Qazlal
Ru
Uskayaw
Vehumet
Wu Jian
Zin
The Shining One

Shops:
D:4 ?   D:6 (   D:7 **   D:14 :*   Orc:1 *:*   Orc:2 =!=([   Snake:2 *
Vaults:1 ?

Portals:
Hell: Depths:1 Depths:2 Depths:3 Depths:4
Abyss: Depths:1 Depths:2 Depths:3 Depths:4
Pandemonium: Depths:2
Ziggurat: Depths:1
Trove: D:12 (lose all piety)

Annotations:
D:9 3 runed translucent doors, qw's ghost, journeyman MiBe; qw's ghost, novice MiBe
D:12 3 runed translucent doors, qw's ghost, journeyman GrFi
Depths:1 3 runed translucent doors


Message History

Trog accepts your kill.
The troll leather armour is intact enough to wear.
You hit the vault guard but do no damage.
A deep troll comes into view.
The vault guard hits you but does no damage.
A deep troll comes into view.
The vault warden hits you but does no damage.
You block the vault warden's attack.
You slice the vault warden!!
The vault warden is severely wounded.
You slash the vault guard! You slash the vault warden!
You hit the vault sentinel. You slice the ettin!!
The vault guard hits you but does no damage.
You block the ettin's attack. x2; The vault warden misses you.
You furiously retaliate!
You headbutt the vault warden!
The vault warden hits you with a +5 great mace of holy wrath!!!
You slash the vault warden! You headbutt the vault warden.
The vault warden is almost dead.
You slash the vault guard! You hit the ettin. You slash the vault guard!
You slice the ironbound convoker!! You slash the vault warden!
The vault guard hits you with a +1 war axe of electrocution!
You block the ironbound convoker's attack.
The ettin hits you but does no damage. You block the ettin's attack.
The vault warden hits you with a +5 great mace of holy wrath!!
You block the vault warden's attack.
57744 ||| READING 9 scrolls of teleportation.
As you read the scroll of teleportation, it crumbles to dust.
You feel strangely unstable.
The ettin hits you with a +0 dire flail!
You block the ettin's attack.
You block the ironbound convoker's attack.
You block the vault guard's attack. x2
The vault warden hits you but does no damage.
The vault warden hits you with a +5 great mace of holy wrath!!
The ironbound convoker gestures at the vault guard while chanting.
The vault guard seems to grow stronger.
The vault guard hits you but does no damage.
The ettin hits you but does no damage.
The ettin hits you with a +0 dire flail!
You die...

#..#
...##..#
...#..#
#..#..# .
##..#..#
..##...#..#
....TDp#).#
#.T.CTpC).#
#####p@[.#
......ppp.#
.......p(.#
..........#
..........#
######....#
.....#
..#..#


You could see an ironbound preserver, a golden dragon (sheltered), a fire giant,
2 vault wardens, 2 vault guards, an ettin, 3 deep trolls, a vault sentinel
(strong) and an ironbound convoker.

Vanquished Creatures
  Mara (Shoals:4)
  Saint Roka (Vaults:4)
  Xtahua (Vaults:2)
  Vashnia (Snake:2)
  3 caustic shrikes (Depths:2)
  Nikola (Vaults:1)
  2 golden dragons
  Rupert (D:14)
  A lich (Depths:1)
  4 tentacled monstrosities
  2 titans
  A walking divine tome (Depths:2)
  3 quicksilver dragons
  4 krakens
  4 sphinxes
  Polyphemus (Shoals:4)
  Kirke (D:13)
  2 shadow dragons
  12 tengu reavers
  2 storm dragons
  7 nagarajas
  A draconian monk (Depths:4)
  A deep elf sorcerer (Vaults:2)
  An iron dragon (Vaults:5)
  3 fire giants
  4 orc warlords
  14 vault wardens
  A balrug (Depths:1)
  2 imperial myrmidons (Desolation)
  7 frost giants
  2 angels (Vaults:4)
  A draconian stormcaller (Depths:4)
  2 war gargoyles
  A ghoul (Vaults:2)
  2 spriggan defenders
  23 very ugly things
  A reaper (Gauntlet)
  A ghost moth (Vaults:2)
  19 ironbound preservers
  14 stone giants
  2 deep elf demonologists
  4 vampire knights
  2 ironbound thunderhulks
  A green draconian (Depths:4)
  A black draconian (Depths:4)
  8 dire elephants
  A minotaur (Gauntlet)
  Nessos (D:13)
  3 white draconians (Depths:4)
  A deep elf annihilator (Vaults:2)
  2 halazid warlocks (Desolation)
  2 entropy weavers
  12 merfolk impalers
  6 ettins
  A crystal guardian (Desolation)
  Josephine (Snake:1)
  3 fire dragons
  10 merfolk javelineers
  4 ragged hierophants (Desolation)
  5 great orbs of eyes
  3 rakshasas
  12 yaktaur captains
  2 deep elf high priests (Vaults:5)
  47 vault guards
  A deep elf death mage (Vaults:2)
  6 boulder beetles
  2 salamander tyrants
  4 ice dragons
  7 servants of whispers (Desolation)
  Erolcha (D:13)
  An ogre mage (Vaults:5)
  An alligator snapping turtle (Shoals:3)
  12 ironbound frosthearts
  3 catoblepae
  11 peacekeepers
  3 spriggan air magi
  8 hydras
  6 merfolk aquamancers
  3 satyrs
  10 centaur warriors
  5 merfolk avatars
  Erica (Lair:2)
  12 anacondas
  18 naga warriors
  A death knight (D:13)
  5 two-headed ogres
  7 tengu warriors
  12 death yaks
  3 deep troll earth magi
  A vampire mage (Vaults:2)
  2 deep troll shamans
  An orc high priest (Orc:2)
  9 shock serpents
  10 spriggan berserkers
  A shock serpent (shapeshifter) (Depths:4)
  22 naga sharpshooters
  A titan skeleton (D:15)
  17 hell knights
  A wretched star (Gauntlet)
  Amaemon (Lair:3)
  4 skeletal warriors
  7 salamander mystics
  7 sea snakes
  2 sun demons
  7 iron trolls
  38 deep trolls
  A golden dragon skeleton (D:15)
  6 lindwurms (Vaults:1)
  4 flayed ghosts
  16 harpies
  10 orc knights
  A steelbarb worm (shapeshifter) (Vaults:5)
  5 wizards
  9 naga ritualists
  2 glowing orange brains
  A phantasmal warrior (Vaults:5)
  22 ironbound convokers
  A sphinx zombie (D:15)
  5 necromancers
  16 mana vipers
  4 orc sorcerers
  2 deep elf pyromancers
  An oklob plant (D:10)
  24 ugly things
  25 fauns
  A frost giant zombie (Vaults:4)
  18 elephants
  14 manticores
  12 cyclopes
  13 salamanders
  11 naga magi
  32 black mambas
  A water nymph (shapeshifter) (Depths:2)
  A stone giant skeleton (Vaults:4)
  9 guardian serpents
  19 merfolk sirens
  21 vault sentinels
  3 water nymphs
  2 molten gargoyles (Desolation)
  A smoke demon (Depths:1)
  An orange demon (Lair:3)
  2 gargoyles (D:12)
  4 cane toads
  A spriggan zombie (D:15)
  2 rime drakes
  14 komodo dragons
  2 efreet
  2 unseen horrors
  11 yaktaurs
  6 tengu conjurers
  A hellwing (Gauntlet)
  2 freezing wraiths
  A kobold demonologist (D:10)
  7 wind drakes
  A tarantella (shapeshifter) (Vaults:5)
  33 merfolk
  8 trolls
  A queen bee (shapeshifter) (D:15)
  A troll (shapeshifter) (D:13)
  31 slime creatures
  2 hornets
  6 polar bears
  48 saltlings (Desolation)
  20 blink frogs
  Prince Ribbit (D:8)
  9 snapping turtles
  8 dream sheep (Shoals:1)
  A centaur simulacrum (D:14)
  A culicivora (shapeshifter) (D:15)
  2 shadows
  58 yaks
  10 wraiths
  3 spriggans
  2 wyverns
  12 humans (D:14)
  10 water elementals
  5 hogs (D:13)
  3 basilisks
  2 redbacks (Vaults:1)
  A steam dragon (D:9)
  Grum (D:9)
  3 chaos spawn (Depths:4)
  A neqoxec (Gauntlet)
  5 small abominations
  16 vampire mosquitoes
  A redback (shapeshifter) (Vaults:3)
  Edmund (D:6)
  2 acid dragons
  42 nagas
  3 wargs
  13 water moccasins
  8 large abominations (Depths:4)
  4 ice beasts
  2 sky beasts
  3 black bears (Lair:2)
  40 orc warriors
  2 boggarts (Vaults:1)
  10 ogres
  19 wolves
  A phantom (D:6)
  7 centaurs
  4 kobold brigands
  7 bullfrogs
  4 necrophages
  A gnoll sergeant (D:9)
  2 scorpions (D:5)
  5 wights (D:9)
  2 human simulacra (Vaults:4)
  2 howler monkeys (D:12)
  A lava snake (Snake:2)
  2 jellies
  A centaur zombie (Ossuary)
  7 hounds
  2 human zombies (Ossuary)
  2 gnoll boudas
  19 orc priests
  4 iguanas
  17 orc wizards
  4 hell rats (Lair:5)
  4 mummies (Ossuary)
  19 gnolls
  12 adders
  A shadow imp (D:8)
  3 white imps
  2 ufetubi (D:5)
  4 worms
  5 dart slugs
  73 orcs
  27 endoplasms
  3 giant cockroaches
  4 hobgoblins
  2 jackals (D:2)
  6 quokkas
  7 ball pythons
  4 bats
  6 frilled lizards
  4 goblins
  3 goblin zombies (Ossuary)
  A hobgoblin zombie (Ossuary)
  28 kobolds
  An orc zombie (Ossuary)
  5 rats
  9 tentacles
1714 creatures vanquished.

Vanquished Creatures (collateral kills)
  Sojobo (Vaults:3)
  A tentacled monstrosity (Depths:4)
  A quicksilver dragon (Vaults:2)
  A titan (Vaults:5)
  A tengu reaver (Vaults:2)
  A shadow dragon (Vaults:5)
  A storm dragon (Vaults:5)
  A fire giant (Vaults:1)
  An orc warlord (Vaults:1)
  3 ironbound preservers
  A vampire knight (Depths:4)
  An ironbound thunderhulk (Vaults:1)
  A stone giant (Vaults:2)
  2 ettins
  A ragged hierophant (Desolation)
  A merfolk javelineer (Shoals:3)
  A servant of whispers (Desolation)
  An ice dragon (Depths:2)
  A deep troll shaman (Depths:4)
  A deep troll earth mage (Depths:4)
  A spriggan (Depths:4)
  A fire crab (Lair:5)
  2 deep trolls (Depths:4)
  An ironbound convoker (Vaults:1)
  A harpy (Shoals:1)
  A faun (Shoals:4)
  An orc knight (Orc:1)
  5 elephants (Lair:5)
  A vault sentinel (Vaults:1)
  A polar bear (Lair:5)
  3 merfolk
  A saltling (Desolation)
  A slime creature (Vaults:1)
  A hornet (Depths:4)
  5 blink frogs (Lair:5)
  A snapping turtle (Shoals:3)
  A wyvern (Lair:5)
  3 yaks (Lair:5)
  A jumping spider (Vaults:1)
  4 humans (D:14)
  2 nagas (Snake:2)
  An orc warrior (Orc:1)
  3 boggarts (Vaults:1)
  An ogre (Orc:1)
  A centaur (D:14)
  2 orcs (Orc:1)
69 creatures vanquished.

Vanquished Creatures (others)
  An ironbound preserver (Vaults:5)
  A salamander mystic (Snake:4)
  An ugly thing (D:14)
  A tengu conjurer (Depths:1)
  A blink frog (Lair:5)
  2 bushes
  24 fungi
  267 plants
  12 tentacles
  2 withered plants (D:15)
312 creatures vanquished.

Grand Total: 2095 creatures vanquished

Notes
Turn   | Place    | Note
-------+----------+-------------------------------------------
     0 | D:1      | qw the Minotaur Berserker began the quest for the Orb.
     0 | D:1      | Reached XP level 1. HP: 19/19 MP: 0/0
     0 | D:1      | 0 ||| qw: Version: 0.1-a-119-g272c26d
     0 | D:1      | 0 ||| qw: Game counter: 11039
     0 | D:1      | 0 ||| qw: Always use a shield: true
     0 | D:1      | 0 ||| qw: Do Orc after D:15 true
     0 | D:1      | 0 ||| qw: Do second Lair branch before Depths: true
     0 | D:1      | 0 ||| qw: Lair rune preference: random
     0 | D:1      | 0 ||| qw: Plans: Normal
     0 | D:1      | 0 ||| PLANNING D:1-11
   216 | D:1      | Found a faded altar of an unknown god.
   383 | D:1      | Reached XP level 2. HP: 24/26 MP: 1/1
  1005 | D:1      | 1005 ||| Stepping ~*~*~tactically~*~*~ (stealth).
  1006 | D:1      | 1006 ||| Stepping ~*~*~tactically~*~*~ (stealth).
  1009 | D:1      | 1009 ||| Stepping ~*~*~tactically~*~*~ (hiding).
  1011 | D:1      | 1011 ||| Stepping ~*~*~tactically~*~*~ (hiding).
  1048 | D:1      | 1048 ||| UPGRADING to +0 leather armour.
  1058 | D:1      | 1058 ||| DROPPING +0 animal skin.
  1059 | D:1      | 1059 ||| UPGRADING to ring of protection from cold.
  1060 | D:1      | 1060 ||| READING scroll labelled SITUWEUSUX.
  1061 | D:1      | 1061 ||| Stepping randomly (stuck).
  1062 | D:1      | 1062 ||| Stepping ~*~*~tactically~*~*~ (cloud).
  1068 | D:1      | HP: 6/26 [poisoned by you (poison gas)]
  1373 | D:2      | 1373 ||| Stepping ~*~*~tactically~*~*~ (stealth).
  1375 | D:2      | 1375 ||| Stepping ~*~*~tactically~*~*~ (stealth).
  1381 | D:2      | Reached XP level 3. HP: 22/31 MP: 2/2
  1562 | D:2      | 1562 ||| INVOKING Berserk.
  1695 | D:2      | Reached ** piety under Trog
  1704 | D:2      | 1704 ||| INVOKING Berserk.
  1937 | D:2      | 1937 ||| Stepping ~*~*~tactically~*~*~ (stealth).
  1938 | D:2      | 1938 ||| Stepping ~*~*~tactically~*~*~ (stealth).
  1940 | D:2      | Reached skill level 6 in Axes
  1940 | D:2      | Reached XP level 4. HP: 39/39 MP: 3/3
  1941 | D:2      | 1941 ||| Stepping ~*~*~tactically~*~*~ (hiding).
  2226 | D:2      | 2226 ||| UPGRADING to +0 plate armour.
  2236 | D:2      | 2236 ||| DROPPING +0 leather armour.
  2237 | D:2      | 2237 ||| UPGRADING to +6 ring of dexterity.
  2238 | D:2      | 2238 ||| READING scroll labelled AWNI ASYKHIGH.
  2239 | D:2      | 2239 ||| READING scroll labelled CITHOEDUDD.
  2243 | D:2      | 2243 ||| READING scroll labelled QYLAEW TIMOG.
  2458 | D:3      | Noticed a necrophage
  2466 | D:3      | Killed a necrophage
  2467 | D:3      | Reached XP level 5. HP: 45/45 MP: 4/4
  2523 | D:3      | 2523 ||| Stepping ~*~*~tactically~*~*~ (stealth).
  2797 | D:3      | Found a radiant altar of Vehumet.
  2952 | D:3      | Reached skill level 4 in Fighting
  2969 | D:3      | 2969 ||| UPGRADING to +0 pair of gloves.
  2974 | D:3      | 2974 ||| READING 2 scrolls labelled BENIOHAQEC.
  2975 | D:3      | 2975 ||| READING scroll labelled VOHAGO YMUSECA.
  2976 | D:3      | 2976 ||| READING scroll labelled QIETHA ERIU.
  2977 | D:3      | 2977 ||| DRINKING 3 ruby potions.
  2978 | D:3      | 2978 ||| DRINKING 2 viscous orange potions.
  2979 | D:3      | 2979 ||| DROPPING potion of magic.
  2980 | D:3      | 2980 ||| DROPPING scroll of fear.
  2989 | D:3      | 2989 ||| Stepping ~*~*~tactically~*~*~ (stealth).
  2991 | D:3      | 2991 ||| Stepping ~*~*~tactically~*~*~ (hiding).
  3153 | D:4      | 3153 ||| Stepping ~*~*~tactically~*~*~ (hiding).
  3158 | D:4      | 3158 ||| INVOKING Berserk.
  3161 | D:4      | Reached skill level 3 in Armour
  3168 | D:4      | 3168 ||| Stepping ~*~*~tactically~*~*~ (stealth).
  3193 | D:4      | 3193 ||| INVOKING Berserk.
  3194 | D:4      | 3194 ||| INVOKING Berserk.
  3210 | D:4      | Reached XP level 6. HP: 18/52 MP: 5/5
  3402 | D:4      | 3402 ||| DROPPING +0 whip.
  3474 | D:4      | Found Matuj's Magic Scroll Emporium.
  3479 | D:4      | 3479 ||| BUYING scroll of enchant weapon (97 gold).
  3479 | D:4      | Bought a scroll of enchant weapon for 97 gold pieces
  3479 | D:4      | 3479 ||| BUYING scroll of identify (26 gold).
  3479 | D:4      | Bought a scroll of identify for 26 gold pieces
  3479 | D:4      | 3479 ||| BUYING scroll of identify (26 gold).
  3479 | D:4      | Bought a scroll of identify for 26 gold pieces
  3479 | D:4      | 3479 ||| SHOPLISTING scroll of identify (26 gold, have 10).
  3479 | D:4      | 3479 ||| READING scroll of enchant weapon.
  3479 | D:4      | 3479 ||| ENCHANTING +0 hand axe.
  3493 | D:4      | 3493 ||| Stepping ~*~*~tactically~*~*~ (stealth).
  3647 | D:4      | You fall into a shaft and drop 3 floors!
  3648 | D:7      | Noticed an ice beast
  3649 | D:7      | 3649 ||| PLANNING OSSUARY
  3667 | D:7      | Killed an ice beast
  3778 | D:7      | Found a sand-covered staircase.
  3779 | D:7      | 3779 ||| UPGRADING to +0 cloak.
  3784 | D:7      | 3784 ||| UPGRADING to scarf of repulsion.
  3794 | D:7      | 3794 ||| DROPPING ring of flight.
  3795 | D:7      | 3795 ||| READING scroll labelled GEYFAM CAENWU.
  3796 | D:7      | 3796 ||| INVOKING Berserk.
  3799 | D:7      | Reached skill level 9 in Axes
  3814 | D:7      | 3814 ||| Stepping ~*~*~tactically~*~*~ (stealth).
  3858 | D:7      | 3858 ||| INVOKING Berserk.
  3860 | D:7      | Reached XP level 7. HP: 59/59 MP: 6/6
  3907 | D:7      | 3907 ||| READING 3 scrolls of identify.
  3907 | D:7      | 3907 ||| IDENTIFYING grey potion
  3908 | D:7      | 3908 ||| READING 2 scrolls of identify.
  3908 | D:7      | 3908 ||| IDENTIFYING green potion
  3909 | D:7      | 3909 ||| DROPPING potion of berserk rage.
  3916 | Ossuary  | Entered an ossuary
  4010 | Ossuary  | 4010 ||| Stepping ~*~*~tactically~*~*~ (stealth).
  4055 | Ossuary  | 4055 ||| Stepping ~*~*~tactically~*~*~ (stealth).
  4057 | Ossuary  | 4057 ||| Stepping ~*~*~tactically~*~*~ (stealth).
  4124 | Ossuary  | Reached skill level 5 in Fighting
  4126 | Ossuary  | 4126 ||| Stepping ~*~*~tactically~*~*~ (stealth).
  4129 | Ossuary  | 4129 ||| Stepping ~*~*~tactically~*~*~ (stealth).
  4296 | Ossuary  | 4296 ||| READING scroll of enchant weapon.
  4296 | Ossuary  | 4296 ||| ENCHANTING +1 hand axe.
  4383 | Ossuary  | 4383 ||| READING 2 scrolls labelled NUSEOL INOX.
  4384 | Ossuary  | 4384 ||| READING 2 scrolls labelled NUETHR ANTOWEI.
  4385 | Ossuary  | 4385 ||| READING scroll labelled NIUCWOP BEAGAIGG.
  4386 | Ossuary  | 4386 ||| DRINKING 2 pink potions.
  4387 | Ossuary  | 4387 ||| DRINKING 2 glowing puce potions.
  4388 | Ossuary  | 4388 ||| READING 2 scrolls of identify.
  4388 | Ossuary  | 4388 ||| IDENTIFYING fizzy white potion
  4389 | Ossuary  | 4389 ||| DROPPING scroll of summoning.
  4390 | Ossuary  | 4390 ||| DROPPING scroll of butterflies.
  4391 | Ossuary  | 4391 ||| DROPPING potion of attraction.
  4406 | D:7      | 4406 ||| PLANNING D:1-11
  4422 | D:7      | 4422 ||| Stepping ~*~*~tactically~*~*~ (stealth).
  4452 | D:7      | Reached *** piety under Trog
  4500 | D:6      | 4500 ||| Stepping ~*~*~tactically~*~*~ (stealth).
  4501 | D:6      | 4501 ||| Stepping ~*~*~tactically~*~*~ (stealth).
  4503 | D:6      | 4503 ||| Stepping ~*~*~tactically~*~*~ (stealth).
  4507 | D:6      | 4507 ||| Stepping ~*~*~tactically~*~*~ (stealth).
  4544 | D:6      | 4544 ||| DROPPING +0 flail.
  4563 | D:6      | Noticed Edmund
  4563 | D:6      | Noticed a wyvern
  4568 | D:6      | 4568 ||| INVOKING Berserk.
  4572 | D:6      | Killed a wyvern
  4575 | D:6      | Killed Edmund
  4576 | D:6      | Reached XP level 8. HP: 68/68 MP: 7/7
  4718 | D:6      | Found Baplir Tiu's Weapon Shop.
  4750 | D:6      | 4750 ||| Stepping ~*~*~tactically~*~*~ (stealth).
  4828 | D:6      | Reached skill level 6 in Fighting
  4843 | D:6      | 4843 ||| READING scroll labelled ROUSHUH ODOAWUM.
  4952 | D:5      | Entered Level 5 of the Dungeon
  5025 | D:5      | 5025 ||| FLEEEEING.
  5026 | D:5      | 5026 ||| FLEEEEING.
  5027 | D:5      | 5027 ||| FLEEEEING.
  5028 | D:5      | 5028 ||| FLEEEEING.
  5029 | D:5      | 5029 ||| FLEEEEING.
  5030 | D:5      | 5030 ||| STAIRDANCE
  5144 | D:4      | 5144 ||| READING scroll of enchant armour.
  5144 | D:4      | 5144 ||| ENCHANTING +0 pair of gloves.
  5416 | D:4      | 5416 ||| READING scroll labelled IHAPODIEPA.
  5416 | D:4      | Identified a scroll of acquirement
  5416 | D:4      | 5416 ||| ACQUIRING +0 pair of gloves "Icaracim" {+Inv rC-
                  | rN+++ Slay+6}
  5416 | D:4      | Acquired the +0 pair of gloves "Icaracim" {+Inv rC- rN+++
                  | Slay+6}
  5418 | D:4      | 5418 ||| UPGRADING to +0 pair of gloves "Icaracim" {+Inv
                  | rC- rN+++ Slay+6}.
  5428 | D:4      | 5428 ||| DROPPING +1 pair of gloves.
  5459 | D:5      | 5459 ||| Stepping ~*~*~tactically~*~*~ (stealth).
  5461 | D:5      | 5461 ||| Stepping ~*~*~tactically~*~*~ (stealth).
  5462 | D:5      | 5462 ||| Stepping ~*~*~tactically~*~*~ (stealth).
  5552 | D:5      | Found a burning altar of Makhleb.
  5653 | D:5      | 5653 ||| Stepping ~*~*~tactically~*~*~ (hiding).
  5658 | D:5      | 5658 ||| INVOKING Berserk.
  5849 | D:5      | Found a sacrificial altar of Ru.
  6041 | D:5      | 6041 ||| UPGRADING to +4 ring of protection.
  6043 | D:5      | 6043 ||| UPGRADING to ring of protection from cold.
  6045 | D:5      | 6045 ||| READING scroll labelled QICKEIW POANK.
  6046 | D:5      | 6046 ||| READING 2 scrolls labelled DEQORE REIBAX.
  6047 | D:5      | 6047 ||| DROPPING scroll of magic mapping.
  6054 | D:6      | 6054 ||| STAIRDANCE
  6059 | D:6      | 6059 ||| STAIRDANCE
  6064 | D:5      | 6064 ||| READING scroll of enchant armour.
  6064 | D:5      | 6064 ||| ENCHANTING +0 plate armour.
  6081 | D:6      | Reached skill level 12 in Axes
  6415 | D:6      | 6415 ||| INVOKING Berserk.
  6420 | D:6      | Reached XP level 9. HP: 78/78 MP: 8/8
  6565 | D:6      | 6565 ||| INVOKING Berserk.
  6575 | D:6      | Reached skill level 7 in Fighting
  6744 | D:6      | Found an ancient bone altar of Kikubaaqudgha.
  6750 | D:6      | Found a snail-covered altar of Cheibriados.
  6788 | D:7      | 6788 ||| STAIRDANCE
  6796 | D:7      | 6796 ||| STAIRDANCE
  6909 | D:7      | 6909 ||| DRINKING 4 potions of curing.
  6909 | D:7      | 6909 ||| (to cure confusion)
  6920 | D:7      | 6920 ||| INVOKING Berserk.
  6922 | D:7      | Reached skill level 6 in Armour
  7083 | D:7      | 7083 ||| Stepping ~*~*~tactically~*~*~ (stealth).
  7084 | D:7      | 7084 ||| Stepping ~*~*~tactically~*~*~ (stealth).
  7089 | D:7      | 7089 ||| Stepping ~*~*~tactically~*~*~ (stealth).
  7090 | D:7      | 7090 ||| Stepping ~*~*~tactically~*~*~ (stealth).
  7123 | D:7      | 7123 ||| Stepping ~*~*~tactically~*~*~ (stealth).
  7124 | D:7      | 7124 ||| Stepping ~*~*~tactically~*~*~ (stealth).
  7131 | D:7      | 7131 ||| Stepping ~*~*~tactically~*~*~ (stealth).
  7202 | D:7      | 7202 ||| INVOKING Berserk.
  7343 | D:7      | Found a staircase to the Ecumenical Temple.
  7467 | D:7      | 7467 ||| INVOKING Berserk.
  7537 | D:7      | Reached skill level 8 in Fighting
  7647 | D:7      | Found Wahor's Specific Store.
  7649 | D:7      | Found Egumofizia's General Store.
  7712 | D:7      | 7712 ||| READING scroll labelled JYHUTT NUT ONO.
  7828 | D:7      | 7828 ||| READING 5 scrolls of identify.
  7828 | D:7      | 7828 ||| IDENTIFYING bubbling sapphire potion
  7829 | D:7      | 7829 ||| DROPPING potion of flight.
  7850 | D:8      | 7850 ||| Stepping ~*~*~tactically~*~*~ (hiding).
  7894 | D:8      | Reached **** piety under Trog
  7940 | D:8      | 7940 ||| INVOKING Berserk.
  8050 | D:8      | 8050 ||| SWAPPING to +0 war axe.
  8051 | D:8      | 8051 ||| DROPPING +2 hand axe.
  8064 | D:8      | Noticed Prince Ribbit
  8069 | D:8      | 8069 ||| INVOKING Berserk.
  8072 | D:8      | Killed Prince Ribbit
  8324 | D:8      | 8324 ||| Stepping ~*~*~tactically~*~*~ (stealth).
  8325 | D:8      | 8325 ||| Stepping ~*~*~tactically~*~*~ (stealth).
  8415 | D:8      | Found a flagged portal.
  8424 | D:8      | Identified the +9 hand axe "Dragon's Tongue" {holy, rCorr}
  8426 | D:8      | 8426 ||| DROPPING +9 hand axe "Dragon's Tongue" {holy,
                  | rCorr}.
  8431 | D:8      | 8431 ||| DROPPING +0 hand axe of freezing.
  8454 | D:8      | 8454 ||| Stepping ~*~*~tactically~*~*~ (hiding).
  8476 | D:8      | 8476 ||| INVOKING Berserk.
  8532 | D:8      | 8532 ||| FLEEEEING.
  8533 | D:8      | 8533 ||| FLEEEEING.
  8534 | D:8      | 8534 ||| FLEEEEING.
  8548 | D:8      | 8548 ||| Stepping ~*~*~tactically~*~*~ (hiding).
  9004 | D:8      | 9004 ||| DRINKING 3 lumpy dark potions.
  9029 | D:8      | 9029 ||| DROPPING 2 potions of lignification.
  9091 | D:9      | 9091 ||| Stepping ~*~*~tactically~*~*~ (hiding).
  9096 | D:9      | 9096 ||| INVOKING Berserk.
  9102 | D:9      | Reached XP level 10. HP: 88/88 MP: 9/9
  9238 | D:9      | Found a stormy altar of Qazlal.
  9296 | D:9      | 9296 ||| Stepping ~*~*~tactically~*~*~ (hiding).
  9527 | D:9      | 9527 ||| Stepping ~*~*~tactically~*~*~ (hiding).
  9529 | D:9      | 9529 ||| Stepping ~*~*~tactically~*~*~ (hiding).
  9532 | D:9      | 9532 ||| INVOKING Berserk.
  9615 | D:9      | 9615 ||| FLEEEEING.
  9616 | D:9      | 9616 ||| FLEEEEING.
  9617 | D:9      | 9617 ||| FLEEEEING.
  9626 | D:9      | 9626 ||| STAIRDANCE
  9707 | D:8      | 9707 ||| DROPPING ring of resist corrosion.
  9708 | D:8      | 9708 ||| READING 4 scrolls of identify.
  9708 | D:8      | 9708 ||| IDENTIFYING metallic cyan potion
  9709 | D:8      | 9709 ||| DROPPING potion of ambrosia.
  9718 | D:9      | 9718 ||| Stepping ~*~*~tactically~*~*~ (stealth).
  9738 | D:9      | Reached skill level 15 in Axes
  9745 | D:9      | 9745 ||| Stepping ~*~*~tactically~*~*~ (hiding).
  9841 | D:9      | Reached skill level 9 in Fighting
  9848 | D:9      | Reached skill level 3 in Dodging
  9923 | D:9      | Noticed Grum
  9924 | D:9      | 9924 ||| Stepping ~*~*~tactically~*~*~ (hiding).
  9934 | D:9      | 9934 ||| Stepping ~*~*~tactically~*~*~ (hiding).
  9935 | D:9      | 9935 ||| FLEEEEING.
  9937 | D:9      | 9937 ||| FLEEEEING.
  9938 | D:9      | 9938 ||| FLEEEEING.
  9939 | D:9      | 9939 ||| FLEEEEING.
  9941 | D:9      | 9941 ||| FLEEEEING.
  9942 | D:9      | 9942 ||| FLEEEEING.
  9943 | D:9      | 9943 ||| FLEEEEING.
  9944 | D:9      | 9944 ||| FLEEEEING.
  9945 | D:9      | 9945 ||| FLEEEEING.
  9946 | D:9      | 9946 ||| FLEEEEING.
  9947 | D:9      | 9947 ||| FLEEEEING.
  9948 | D:9      | 9948 ||| FLEEEEING.
  9949 | D:9      | 9949 ||| FLEEEEING.
  9950 | D:9      | 9950 ||| FLEEEEING.
  9951 | D:9      | 9951 ||| FLEEEEING.
  9961 | D:9      | 9961 ||| INVOKING Berserk.
  9968 | D:9      | Killed Grum
 10216 | D:9      | 10216 ||| Stepping ~*~*~tactically~*~*~ (hiding).
 10220 | D:9      | 10220 ||| INVOKING Berserk.
 10238 | D:9      | Reached XP level 11. HP: 97/97 MP: 10/10
 10376 | D:9      | Found an ornate altar of the Wu Jian Council.
 10380 | D:9      | Found a runed translucent gate.
 10386 | D:9      | Found a runed translucent gate.
 10387 | D:9      | Found a runed translucent gate.
 10389 | D:9      | Noticed qw's ghost (journeyman MiBe)
 10389 | D:9      | Noticed qw's ghost (novice MiBe)
 10458 | D:9      | 10458 ||| SWAPPING to +2 vampiric hand axe.
 10459 | D:9      | 10459 ||| DROPPING +0 war axe.
 10541 | D:10     | Entered Level 10 of the Dungeon
 10558 | D:10     | Reached ***** piety under Trog
 10559 | D:10     | Reached skill level 10 in Fighting
 10581 | D:10     | Noticed a two-headed ogre
 10586 | D:10     | 10586 ||| INVOKING Berserk.
 10588 | D:10     | Killed a two-headed ogre
 10707 | D:10     | 10707 ||| FLEEEEING.
 10711 | D:10     | 10711 ||| FLEEEEING.
 10712 | D:10     | 10712 ||| FLEEEEING.
 10713 | D:10     | 10713 ||| FLEEEEING.
 10715 | D:10     | 10715 ||| STAIRDANCE
 10924 | D:10     | 10924 ||| Stepping ~*~*~tactically~*~*~ (stealth).
 10925 | D:10     | 10925 ||| STAIRDANCE
 11012 | D:10     | 11012 ||| STAIRDANCE
 11017 | D:9      | Reached skill level 9 in Armour
 11322 | D:10     | Reached skill level 11 in Fighting
 11356 | D:10     | 11356 ||| DROPPING +0 antimagic flail.
 11384 | D:10     | 11384 ||| Stepping ~*~*~tactically~*~*~ (stealth).
 11388 | D:10     | 11388 ||| Stepping ~*~*~tactically~*~*~ (stealth).
 11473 | D:10     | Found a sparkling altar of Nemelex Xobeh.
 11539 | D:10     | 11539 ||| Stepping ~*~*~tactically~*~*~ (hiding).
 11554 | D:10     | 11554 ||| INVOKING Berserk.
 11676 | D:10     | Found a white marble altar of Elyvilon.
 11706 | D:10     | Found a staircase to the Lair.
 11709 | D:10     | Noticed an oklob plant
 11710 | D:10     | 11710 ||| INVOKING Brothers in Arms.
 11711 | D:10     | 11711 ||| INVOKING Brothers in Arms.
 11712 | D:10     | 11712 ||| INVOKING Brothers in Arms.
 11716 | D:10     | 11716 ||| INVOKING Berserk.
 11722 | D:10     | Killed an oklob plant
 11837 | D:10     | 11837 ||| READING scroll of enchant weapon.
 11837 | D:10     | 11837 ||| ENCHANTING +2 vampiric hand axe.
 11881 | D:10     | 11881 ||| Stepping ~*~*~tactically~*~*~ (stealth).
 12155 | D:10     | Found a staircase to the Orcish Mines.
 12234 | D:10     | 12234 ||| PLANNING LAIR
 12234 | D:10     | 12234 ||| UPGRADING to +0 crystal plate armour.
 12244 | D:10     | 12244 ||| DROPPING +1 plate armour.
 12266 | Lair:1   | Entered Level 1 of the Lair of Beasts
 12268 | Lair:1   | 12268 ||| INVOKING Berserk.
 12388 | Lair:1   | 12388 ||| READING scroll of enchant armour.
 12388 | Lair:1   | 12388 ||| ENCHANTING +0 crystal plate armour.
 12392 | Lair:1   | 12392 ||| Stepping ~*~*~tactically~*~*~ (stealth).
 12393 | Lair:1   | 12393 ||| INVOKING Berserk.
 12428 | Lair:1   | 12428 ||| Stepping ~*~*~tactically~*~*~ (stealth).
 12578 | Lair:1   | 12578 ||| INVOKING Berserk.
 12681 | Lair:1   | 12681 ||| Stepping ~*~*~tactically~*~*~ (stealth).
 12683 | Lair:1   | 12683 ||| Stepping ~*~*~tactically~*~*~ (stealth).
 12684 | Lair:1   | 12684 ||| INVOKING Berserk.
 12691 | Lair:1   | 12691 ||| Stepping ~*~*~tactically~*~*~ (stealth).
 12821 | Lair:1   | 12821 ||| INVOKING Berserk.
 12953 | Lair:1   | 12953 ||| Stepping ~*~*~tactically~*~*~ (stealth).
 12958 | Lair:1   | 12958 ||| INVOKING Berserk.
 12962 | Lair:1   | Reached skill level 12 in Armour
 13070 | Lair:1   | 13070 ||| Stepping ~*~*~tactically~*~*~ (stealth).
 13075 | Lair:1   | 13075 ||| INVOKING Berserk.
 13084 | Lair:1   | Reached XP level 12. HP: 112/112 MP: 11/11
 13163 | Lair:1   | 13163 ||| Stepping ~*~*~tactically~*~*~ (stealth).
 13168 | Lair:1   | 13168 ||| Stepping ~*~*~tactically~*~*~ (stealth).
 13206 | Lair:1   | 13206 ||| Stepping ~*~*~tactically~*~*~ (stealth).
 13209 | Lair:1   | 13209 ||| Stepping ~*~*~tactically~*~*~ (stealth).
 13210 | Lair:1   | 13210 ||| Stepping ~*~*~tactically~*~*~ (stealth).
 13214 | Lair:1   | 13214 ||| Stepping ~*~*~tactically~*~*~ (stealth).
 13215 | Lair:1   | 13215 ||| Stepping ~*~*~tactically~*~*~ (stealth).
 13219 | Lair:1   | 13219 ||| INVOKING Berserk.
 13224 | Lair:1   | Reached skill level 12 in Fighting
 13353 | Lair:1   | 13353 ||| Stepping ~*~*~tactically~*~*~ (stealth).
 13357 | Lair:1   | 13357 ||| Stepping ~*~*~tactically~*~*~ (stealth).
 13423 | Lair:1   | 13423 ||| Stepping ~*~*~tactically~*~*~ (stealth).
 13424 | Lair:1   | 13424 ||| Stepping ~*~*~tactically~*~*~ (stealth).
 13429 | Lair:1   | 13429 ||| INVOKING Berserk.
 13632 | Lair:1   | 13632 ||| Stepping ~*~*~tactically~*~*~ (stealth).
 13634 | Lair:1   | 13634 ||| Stepping ~*~*~tactically~*~*~ (stealth).
 13646 | Lair:1   | 13646 ||| Stepping ~*~*~tactically~*~*~ (stealth).
 13966 | Lair:1   | 13966 ||| UPGRADING to +2 pair of boots.
 14005 | Lair:2   | 14005 ||| STAIRDANCE
 14022 | Lair:2   | 14022 ||| Stepping ~*~*~tactically~*~*~ (stealth).
 14025 | Lair:2   | 14025 ||| Stepping ~*~*~tactically~*~*~ (stealth).
 14026 | Lair:2   | 14026 ||| Stepping ~*~*~tactically~*~*~ (stealth).
 14046 | Lair:2   | Reached skill level 13 in Fighting
 14075 | Lair:2   | 14075 ||| READING scroll of enchant weapon.
 14075 | Lair:2   | 14075 ||| ENCHANTING +3 vampiric hand axe.
 14096 | Lair:2   | Identified the +1 robe of the Dice {rC+ Will- Int+3}
 14149 | Lair:2   | 14149 ||| Stepping ~*~*~tactically~*~*~ (hiding).
 14157 | Lair:2   | 14157 ||| Stepping ~*~*~tactically~*~*~ (stealth).
 14161 | Lair:2   | 14161 ||| Stepping ~*~*~tactically~*~*~ (stealth).
 14162 | Lair:2   | 14162 ||| Stepping ~*~*~tactically~*~*~ (stealth).
 14164 | Lair:2   | 14164 ||| Stepping ~*~*~tactically~*~*~ (hiding).
 14165 | Lair:2   | 14165 ||| Stepping ~*~*~tactically~*~*~ (hiding).
 14169 | Lair:2   | 14169 ||| Stepping ~*~*~tactically~*~*~ (hiding).
 14237 | Lair:2   | Found a staircase to the Snake Pit.
 14363 | Lair:2   | Identified the +8 broad axe "Symafro" {vorpal, Int+3
                  | Stlth+}
 14365 | Lair:2   | 14365 ||| SWAPPING to +8 broad axe "Symafro" {vorpal, Int+3
                  | Stlth+}.
 14366 | Lair:2   | 14366 ||| DROPPING +4 vampiric hand axe.
 14386 | Lair:2   | 14386 ||| Stepping ~*~*~tactically~*~*~ (stealth).
 14390 | Lair:2   | 14390 ||| Stepping ~*~*~tactically~*~*~ (stealth).
 14397 | Lair:2   | 14397 ||| INVOKING Berserk.
 14447 | Lair:2   | Noticed Erica
 14453 | Lair:2   | 14453 ||| INVOKING Berserk.
 14454 | Lair:2   | Killed Erica
 14601 | Lair:2   | Identified the +5 ring mail "Juusuiq" {Drain rElec rN++}
 14963 | Lair:3   | 14963 ||| Stepping ~*~*~tactically~*~*~ (stealth).
 15012 | Lair:3   | Found a staircase to the Shoals.
 15194 | Lair:3   | Found a frozen archway.
 15422 | Lair:3   | 15422 ||| Stepping ~*~*~tactically~*~*~ (stealth).
 15424 | Lair:3   | Noticed a five-headed hydra
 15425 | Lair:3   | 15425 ||| Stepping ~*~*~tactically~*~*~ (stealth).
 15426 | Lair:3   | 15426 ||| Stepping ~*~*~tactically~*~*~ (stealth).
 15427 | Lair:3   | 15427 ||| INVOKING Brothers in Arms.
 15428 | Lair:3   | 15428 ||| SWAPPING to +0 morningstar.
 15429 | Lair:3   | 15429 ||| INVOKING Berserk.
 15430 | Lair:3   | Killed a five-headed hydra
 15436 | Lair:3   | 15436 ||| SWAPPING to +8 broad axe "Symafro" {vorpal, Int+3
                  | Stlth+}.
 15597 | Lair:3   | 15597 ||| INVOKING Berserk.
 15744 | Lair:3   | Noticed Amaemon
 15745 | Lair:3   | 15745 ||| Stepping ~*~*~tactically~*~*~ (hiding).
 15746 | Lair:3   | 15746 ||| Stepping ~*~*~tactically~*~*~ (hiding).
 15750 | Lair:3   | 15750 ||| INVOKING Berserk.
 15753 | Lair:3   | Killed Amaemon
 15950 | Lair:3   | 15950 ||| INVOKING Berserk.
 15970 | Lair:3   | Reached XP level 13. HP: 114/122 MP: 12/12
 16036 | Lair:3   | 16036 ||| INVOKING Berserk.
 16040 | Lair:3   | Reached skill level 18 in Axes
 16431 | Lair:3   | 16431 ||| READING 9 scrolls of identify.
 16431 | Lair:3   | 16431 ||| IDENTIFYING emerald potion
 16481 | Lair:4   | 16481 ||| INVOKING Berserk.
 16606 | Lair:4   | Found a hide-covered altar of Uskayaw.
 16634 | Lair:4   | Found a staircase to the Slime Pits.
 16827 | Lair:4   | 16827 ||| INVOKING Berserk.
 16829 | Lair:4   | Reached skill level 15 in Armour
 16952 | Lair:4   | 16952 ||| INVOKING Brothers in Arms.
 16953 | Lair:4   | 16953 ||| INVOKING Brothers in Arms.
 16956 | Lair:4   | 16956 ||| SWAPPING to +0 morningstar.
 16957 | Lair:4   | 16957 ||| INVOKING Berserk.
 16986 | Lair:4   | 16986 ||| SWAPPING to +8 broad axe "Symafro" {vorpal, Int+3
                  | Stlth+}.
 17165 | Lair:4   | 17165 ||| Stepping ~*~*~tactically~*~*~ (stealth).
 17179 | Lair:4   | 17179 ||| Stepping ~*~*~tactically~*~*~ (stealth).
 17180 | Lair:4   | 17180 ||| Stepping ~*~*~tactically~*~*~ (stealth).
 17181 | Lair:4   | 17181 ||| Stepping ~*~*~tactically~*~*~ (stealth).
 17183 | Lair:4   | 17183 ||| Stepping ~*~*~tactically~*~*~ (stealth).
 17184 | Lair:4   | 17184 ||| Stepping ~*~*~tactically~*~*~ (stealth).
 17185 | Lair:4   | 17185 ||| Stepping ~*~*~tactically~*~*~ (stealth).
 17228 | Lair:4   | 17228 ||| INVOKING Berserk.
 17367 | Lair:4   | Reached skill level 14 in Fighting
 17372 | Lair:4   | 17372 ||| INVOKING Berserk.
 17530 | Lair:4   | 17530 ||| INVOKING Berserk.
 17772 | Lair:4   | 17772 ||| DRINKING 2 puce potions.
 17773 | Lair:4   | 17773 ||| DROPPING potion of brilliance.
 17795 | Lair:5   | Entered Level 5 of the Lair of Beasts
 17796 | Lair:5   | 17796 ||| INVOKING Brothers in Arms.
 17800 | Lair:5   | 17800 ||| SWAPPING to +0 morningstar.
 17801 | Lair:5   | 17801 ||| INVOKING Berserk.
 17823 | Lair:5   | 17823 ||| SWAPPING to +8 broad axe "Symafro" {vorpal, Int+3
                  | Stlth+}.
 17839 | Lair:5   | 17839 ||| FLEEEEING.
 17840 | Lair:5   | 17840 ||| FLEEEEING.
 17841 | Lair:5   | 17841 ||| FLEEEEING.
 17842 | Lair:5   | 17842 ||| FLEEEEING.
 17843 | Lair:5   | 17843 ||| FLEEEEING.
 17844 | Lair:5   | 17844 ||| STAIRDANCE
 17972 | Lair:5   | 17972 ||| INVOKING Berserk.
 18008 | Lair:5   | 18008 ||| Stepping ~*~*~tactically~*~*~ (stealth).
 18010 | Lair:5   | 18010 ||| Stepping ~*~*~tactically~*~*~ (stealth).
 18012 | Lair:5   | 18012 ||| Stepping ~*~*~tactically~*~*~ (stealth).
 18013 | Lair:5   | 18013 ||| INVOKING Berserk.
 18279 | Lair:5   | 18279 ||| Stepping ~*~*~tactically~*~*~ (stealth).
 18307 | Lair:5   | 18307 ||| Stepping ~*~*~tactically~*~*~ (stealth).
 18344 | Lair:5   | Reached XP level 14. HP: 133/133 MP: 13/13
 18432 | Lair:5   | 18432 ||| INVOKING Berserk.
 18436 | Lair:5   | Reached skill level 15 in Fighting
 18627 | Lair:5   | 18627 ||| INVOKING Brothers in Arms.
 18630 | Lair:5   | 18630 ||| SWAPPING to +0 morningstar.
 18631 | Lair:5   | 18631 ||| INVOKING Berserk.
 18648 | Lair:5   | 18648 ||| SWAPPING to +8 broad axe "Symafro" {vorpal, Int+3
                  | Stlth+}.
 18651 | Lair:5   | 18651 ||| Stepping randomly (cloudy).
 18654 | Lair:5   | Reached skill level 18 in Armour
 18869 | Lair:5   | 18869 ||| Stepping ~*~*~tactically~*~*~ (hiding).
 18871 | Lair:5   | 18871 ||| Stepping ~*~*~tactically~*~*~ (hiding).
 19142 | Lair:5   | 19142 ||| INVOKING Berserk.
 19174 | Lair:5   | 19174 ||| FLEEEEING.
 19182 | Lair:5   | 19182 ||| INVOKING Berserk.
 19220 | Lair:5   | Reached skill level 16 in Fighting
 19222 | Lair:5   | 19222 ||| FLEEEEING.
 19335 | Lair:5   | 19335 ||| Stepping ~*~*~tactically~*~*~ (stealth).
 19338 | Lair:5   | 19338 ||| Stepping ~*~*~tactically~*~*~ (stealth).
 19344 | Lair:5   | 19344 ||| INVOKING Berserk.
 19353 | Lair:5   | 19353 ||| INVOKING Brothers in Arms.
 19355 | Lair:5   | 19355 ||| INVOKING Brothers in Arms.
 19356 | Lair:5   | 19356 ||| SWAPPING to +0 morningstar.
 19359 | Lair:5   | 19359 ||| SWAPPING to +8 broad axe "Symafro" {vorpal, Int+3
                  | Stlth+}.
 19438 | Lair:5   | Identified the +1 falchion of Doubt {vorpal, rF+}
 19442 | Lair:5   | 19442 ||| PLANNING D:1-11
 19594 | D:11     | 19594 ||| PLANNING BAZAAR
 19785 | D:11     | 19785 ||| Stepping ~*~*~tactically~*~*~ (stealth).
 20055 | D:11     | 20055 ||| FLEEEEING.
 20056 | D:11     | 20056 ||| FLEEEEING.
 20057 | D:11     | 20057 ||| FLEEEEING.
 20191 | D:11     | 20191 ||| Stepping ~*~*~tactically~*~*~ (hiding).
 20192 | D:11     | 20192 ||| Stepping ~*~*~tactically~*~*~ (hiding).
 20193 | D:11     | 20193 ||| Stepping ~*~*~tactically~*~*~ (hiding).
 20464 | D:11     | 20464 ||| RIP BAZAAR
 20464 | D:11     | 20464 ||| PLANNING D
 20464 | D:11     | 20464 ||| READING 11 scrolls of identify.
 20464 | D:11     | 20464 ||| IDENTIFYING golden potion
 20516 | D:12     | 20516 ||| PLANNING GAUNTLET
 20540 | D:12     | 20540 ||| INVOKING Berserk.
 20678 | D:12     | Found a gate leading to a gauntlet.
 20725 | Gauntlet | Entered a Gauntlet
 20725 | Gauntlet | Found a transporter.
 20728 | Gauntlet | Found a transporter.
 20742 | Gauntlet | Found a transporter.
 20747 | Gauntlet | Found a transporter.
 20748 | Gauntlet | Found a large runed translucent door.
 20748 | Gauntlet | Found a large runed translucent door.
 20749 | Gauntlet | Found a large runed translucent door.
 20750 | Gauntlet | Found a large runed translucent door.
 20750 | Gauntlet | Found a large runed translucent door.
 20750 | Gauntlet | Found a runed translucent door.
 20751 | Gauntlet | Found a large runed translucent door.
 20752 | Gauntlet | Found a large runed translucent door.
 20753 | Gauntlet | Found a large runed translucent door.
 20753 | Gauntlet | Found a large runed translucent door.
 20754 | Gauntlet | Found a runed translucent gate.
 20766 | Gauntlet | Found a transporter.
 20766 | Gauntlet | Found a runed translucent gate.
 20767 | Gauntlet | Found a runed translucent gate.
 20768 | Gauntlet | Found a large runed translucent door.
 20768 | Gauntlet | Found a large runed translucent door.
 20769 | Gauntlet | Found a large runed translucent door.
 20770 | Gauntlet | Found a large runed translucent door.
 20778 | Gauntlet | Found a runed translucent gate.
 20779 | Gauntlet | Found a transporter.
 20779 | Gauntlet | Found a runed translucent gate.
 20780 | Gauntlet | Found a large runed translucent door.
 20780 | Gauntlet | Found a large runed translucent door.
 20780 | Gauntlet | Found a runed translucent door.
 20781 | Gauntlet | Found a large runed translucent door.
 20783 | Gauntlet | Found a transporter.
 20787 | Gauntlet | Found a transporter.
 20793 | Gauntlet | Noticed a cacodemon
 20793 | Gauntlet | Found a runed translucent gate.
 20810 | Gauntlet | Found a transporter.
 20815 | Gauntlet | Found a transporter.
 20819 | Gauntlet | Found a transporter.
 20819 | Gauntlet | Noticed a reaper
 20827 | Gauntlet | Found a transporter.
 20920 | Gauntlet | Killed a reaper
 20937 | Gauntlet | Identified the -1 hat "Nem Ol Soo" {rF+ Int-4 Stlth+}
 20948 | Gauntlet | Gained mutation: You are frail. (-10% HP) [a neqoxec]
 20956 | Gauntlet | 20956 ||| DRINKING 2 potions of mutation.
 20956 | Gauntlet | Lost mutation: You are frail. (-10% HP) [potion of
                  | mutation]
 20956 | Gauntlet | Gained mutation: Your flesh is heat resistant. (rF+)
                  | [potion of mutation]
 20956 | Gauntlet | Gained mutation: You are partially covered in iridescent
                  | scales. (AC +2) [potion of mutation]
 21005 | Gauntlet | Identified the ring "Duifib" {Ice rElec SInv}
 21011 | Gauntlet | 21011 ||| UPGRADING to ring "Duifib" {Ice rElec SInv}.
 21013 | Gauntlet | 21013 ||| UPGRADING to +4 ring of protection.
 21047 | Gauntlet | Identified the +8 plate armour of Xato {*Corrode Fly rC+
                  | rN+++}
 21048 | Gauntlet | 21048 ||| INVOKING Berserk.
 21225 | Gauntlet | 21225 ||| UPGRADING to +8 plate armour of Xato {*Corrode
                  | Fly rC+ rN+++}.
 21235 | Gauntlet | 21235 ||| UPGRADING to +2 kite shield.
 21240 | Gauntlet | 21240 ||| DROPPING scarf of invisibility.
 21255 | D:12     | 21255 ||| PLANNING D
 21284 | D:12     | 21284 ||| Stepping ~*~*~tactically~*~*~ (hiding).
 21289 | D:12     | Reached skill level 1 in Shields
 21432 | D:12     | 21432 ||| Stepping ~*~*~tactically~*~*~ (stealth).
 21494 | D:12     | Found a portal to a secret trove of treasure.
 21557 | D:12     | 21557 ||| Stepping ~*~*~tactically~*~*~ (hiding).
 21680 | D:12     | 21680 ||| Stepping ~*~*~tactically~*~*~ (hiding).
 21732 | D:12     | Found a runed translucent gate.
 21735 | D:12     | Noticed qw's ghost (journeyman GrFi)
 21736 | D:12     | Found a runed translucent gate.
 21736 | D:12     | Identified the +0 robe of Catatonia {rF++ rC+ Will-}
 21737 | D:12     | Found a runed translucent gate.
 22063 | D:13     | Reached skill level 3 in Shields
 22064 | D:13     | 22064 ||| Stepping ~*~*~tactically~*~*~ (stealth).
 22080 | D:13     | Noticed Erolcha
 22081 | D:13     | 22081 ||| Stepping ~*~*~tactically~*~*~ (hiding).
 22083 | D:13     | 22083 ||| INVOKING Trog's Hand.
 22084 | D:13     | 22084 ||| INVOKING Berserk.
 22086 | D:13     | Killed Erolcha
 22325 | D:13     | Noticed Nessos
 22326 | D:13     | 22326 ||| Stepping ~*~*~tactically~*~*~ (hiding).
 22327 | D:13     | 22327 ||| Stepping ~*~*~tactically~*~*~ (hiding).
 22337 | D:13     | Killed Nessos
 22368 | D:13     | Noticed Kirke
 22369 | D:13     | 22369 ||| INVOKING Trog's Hand.
 22376 | D:13     | Reached skill level 6 in Shields
 22377 | D:13     | 22377 ||| INVOKING Berserk.
 22381 | D:13     | Killed Kirke
 22553 | D:13     | 22553 ||| Stepping ~*~*~tactically~*~*~ (stealth).
 22636 | D:13     | 22636 ||| INVOKING Berserk.
 22641 | D:13     | Reached XP level 15. HP: 135/144 MP: 14/14
 23035 | D:14     | Found a gate to the Vaults.
 23036 | D:14     | 23036 ||| INVOKING Brothers in Arms.
 23040 | D:14     | 23040 ||| SWAPPING to +0 morningstar.
 23041 | D:14     | 23041 ||| INVOKING Berserk.
 23059 | D:14     | Reached skill level 9 in Shields
 23067 | D:14     | HP: 31/144 [four-headed hydra (7)]
 23068 | D:14     | 23068 ||| READING 6 scrolls of teleportation.
 23069 | D:14     | 23069 ||| DRINKING 7 potions of heal wounds.
 23071 | D:14     | Reached skill level 3 in Throwing
 23072 | D:14     | 23072 ||| SWAPPING to +8 broad axe "Symafro" {vorpal, Int+3
                  | Stlth+}.
 23077 | D:14     | 23077 ||| INVOKING Brothers in Arms.
 23083 | D:14     | 23083 ||| SWAPPING to +0 morningstar.
 23086 | D:14     | HP: 29/144 [four-headed hydra (10)]
 23087 | D:14     | 23087 ||| READING 5 scrolls of teleportation.
 23088 | D:14     | 23088 ||| DRINKING 6 potions of heal wounds.
 23091 | D:14     | 23091 ||| Stepping ~*~*~tactically~*~*~ (outnumbered).
 23092 | D:14     | 23092 ||| SWAPPING to +8 broad axe "Symafro" {vorpal, Int+3
                  | Stlth+}.
 23320 | D:14     | 23320 ||| Stepping ~*~*~tactically~*~*~ (stealth).
 23332 | D:14     | 23332 ||| SWAPPING to +0 morningstar.
 23333 | D:14     | 23333 ||| INVOKING Berserk.
 23381 | D:14     | 23381 ||| SWAPPING to +8 broad axe "Symafro" {vorpal, Int+3
                  | Stlth+}.
 23507 | D:14     | 23507 ||| Stepping ~*~*~tactically~*~*~ (stealth).
 23508 | D:14     | 23508 ||| Stepping ~*~*~tactically~*~*~ (stealth).
 23524 | D:14     | Identified the ring "Avufin" {rC+ Will+}
 23525 | D:14     | 23525 ||| Stepping ~*~*~tactically~*~*~ (stealth).
 23622 | D:14     | 23622 ||| DROPPING ring of protection from cold.
 23623 | D:14     | 23623 ||| READING 4 scrolls of teleportation.
 23624 | D:14     | Found a stormy altar of Qazlal.
 23626 | D:14     | 23626 ||| Stepping ~*~*~tactically~*~*~ (hiding).
 23628 | D:14     | Noticed Rupert
 23629 | D:14     | 23629 ||| INVOKING Trog's Hand.
 23630 | D:14     | 23630 ||| INVOKING Berserk.
 23639 | D:14     | Killed Rupert
 23776 | D:14     | 23776 ||| Stepping ~*~*~tactically~*~*~ (stealth).
 23834 | D:14     | 23834 ||| Stepping ~*~*~tactically~*~*~ (hiding).
 23857 | D:14     | 23857 ||| Stepping ~*~*~tactically~*~*~ (stealth).
 23900 | D:14     | Found Qytier Ociwn's General Store.
 23913 | D:14     | 23913 ||| BUYING potion of mutation (112 gold).
 23913 | D:14     | Bought a potion of mutation for 112 gold pieces
 23978 | D:14     | Found Xoikhluoxt's Book Shop.
 24100 | D:14     | 24100 ||| FLEEEEING.
 24101 | D:14     | 24101 ||| FLEEEEING.
 24102 | D:14     | 24102 ||| FLEEEEING.
 24103 | D:14     | 24103 ||| FLEEEEING.
 24104 | D:14     | 24104 ||| FLEEEEING.
 24108 | D:14     | 24108 ||| FLEEEEING.
 24109 | D:14     | 24109 ||| FLEEEEING.
 24328 | D:15     | Entered Level 15 of the Dungeon
 24328 | D:15     | Found a staircase to the Depths.
 24340 | D:15     | 24340 ||| INVOKING Berserk.
 24388 | D:15     | 24388 ||| FLEEEEING.
 24389 | D:15     | 24389 ||| FLEEEEING.
 24390 | D:15     | 24390 ||| STAIRDANCE
 24450 | D:15     | Reached skill level 12 in Shields
 24461 | D:15     | 24461 ||| READING 3 scrolls of teleportation.
 24578 | D:15     | 24578 ||| Stepping ~*~*~tactically~*~*~ (hiding).
 24726 | D:15     | 24726 ||| Stepping ~*~*~tactically~*~*~ (cloud).
 24730 | D:15     | 24730 ||| Stepping ~*~*~tactically~*~*~ (cloud).
 24731 | D:15     | 24731 ||| Stepping ~*~*~tactically~*~*~ (cloud).
 24733 | D:15     | 24733 ||| Stepping ~*~*~tactically~*~*~ (cloud).
 24778 | D:15     | Received a gift from Trog
 25353 | D:15     | 25353 ||| PLANNING ORC
 25424 | D:11     | 25424 ||| RIP BAZAAR
 25470 | Orc:1    | Entered Level 1 of the Orcish Mines
 25546 | Orc:1    | Found Queriok's General Store.
 25551 | Orc:1    | 25551 ||| BUYING scroll of enchant weapon (112 gold).
 25551 | Orc:1    | Bought a scroll of enchant weapon for 112 gold pieces
 25606 | Orc:2    | Entered Level 2 of the Orcish Mines
 25606 | Orc:2    | Found a staircase to the Elven Halls.
 25681 | Orc:2    | 25681 ||| INVOKING Trog's Hand.
 25684 | Orc:2    | 25684 ||| INVOKING Berserk.
 25708 | Orc:2    | 25708 ||| FLEEEEING.
 25714 | Orc:2    | 25714 ||| STAIRDANCE
 25720 | Orc:1    | 25720 ||| INVOKING Brothers in Arms.
 25721 | Orc:1    | 25721 ||| INVOKING Brothers in Arms.
 25736 | Orc:1    | 25736 ||| INVOKING Berserk.
 25855 | Orc:1    | Found Cohogi's Commerce Corner.
 25862 | Orc:1    | 25862 ||| BUYING potion of cancellation (96 gold).
 25862 | Orc:1    | Bought a potion of cancellation for 96 gold pieces
 25862 | Orc:1    | 25862 ||| BUYING potion of curing (36 gold).
 25862 | Orc:1    | Bought a potion of curing for 36 gold pieces
 25877 | Orc:1    | Found Ruogyr's Book Emporium.
 26068 | Orc:2    | Found Gamotrea's Jewellery Shoppe.
 26110 | Orc:2    | 26110 ||| Stepping ~*~*~tactically~*~*~ (stealth).
 26126 | Orc:2    | 26126 ||| BUYING +4 ring of protection (432 gold).
 26126 | Orc:2    | Bought a +4 ring of protection for 432 gold pieces
 26126 | Orc:2    | 26126 ||| BUYING amulet of regeneration (360 gold).
 26126 | Orc:2    | Bought an amulet of regeneration for 360 gold pieces
 26126 | Orc:2    | 26126 ||| BUYING ring of protection from fire (300 gold).
 26126 | Orc:2    | Bought a ring of protection from fire for 300 gold pieces
 26126 | Orc:2    | 26126 ||| SHOPLISTING ring of the Hare {EV+8} (1536 gold,
                  | have 342).
 26156 | Orc:2    | 26156 ||| Stepping ~*~*~tactically~*~*~ (stealth).
 26167 | Orc:2    | 26167 ||| Stepping ~*~*~tactically~*~*~ (stealth).
 26168 | Orc:2    | 26168 ||| Stepping ~*~*~tactically~*~*~ (stealth).
 26173 | Orc:2    | 26173 ||| Stepping ~*~*~tactically~*~*~ (stealth).
 26174 | Orc:2    | 26174 ||| Stepping ~*~*~tactically~*~*~ (stealth).
 26175 | Orc:2    | 26175 ||| Stepping ~*~*~tactically~*~*~ (stealth).
 26176 | Orc:2    | 26176 ||| Stepping ~*~*~tactically~*~*~ (stealth).
 26177 | Orc:2    | 26177 ||| Stepping ~*~*~tactically~*~*~ (stealth).
 26182 | Orc:2    | 26182 ||| DRINKING 13 potions of curing.
 26182 | Orc:2    | 26182 ||| (to cure confusion)
 26198 | Orc:2    | 26198 ||| Stepping ~*~*~tactically~*~*~ (stealth).
 26204 | Orc:2    | 26204 ||| INVOKING Berserk.
 26336 | Orc:2    | Found Getzares's Jewellery Boutique.
 26341 | Orc:2    | 26341 ||| SHOPLISTING amulet of the Jester {Regen+ Str+2
                  | Int+4} (793 gold, have 342).
 26341 | Orc:2    | 26341 ||| SHOPLISTING ring "Huheer" {rF+ MP+9 Str+2 Int+3}
                  | (712 gold, have 342).
 26520 | Orc:2    | 26520 ||| Stepping ~*~*~tactically~*~*~ (hiding).
 26628 | Orc:2    | Found Ziwnuq's Distillery.
 26633 | Orc:2    | 26633 ||| BUYING 2 potions of curing (84 gold).
 26633 | Orc:2    | Bought 2 potions of curing for 84 gold pieces
 26633 | Orc:2    | 26633 ||| BUYING 2 potions of heal wounds (140 gold).
 26633 | Orc:2    | Bought 2 potions of heal wounds for 140 gold pieces
 26633 | Orc:2    | 26633 ||| BUYING potion of cancellation (112 gold).
 26633 | Orc:2    | Bought a potion of cancellation for 112 gold pieces
 26633 | Orc:2    | 26633 ||| BUYING potion of curing (42 gold).
 26633 | Orc:2    | Bought a potion of curing for 42 gold pieces
 26633 | Orc:2    | 26633 ||| SHOPLISTING potion of haste (140 gold, have 48).
 26633 | Orc:2    | 26633 ||| SHOPLISTING potion of heal wounds (70 gold, have
                  | 48).
 26633 | Orc:2    | 26633 ||| SHOPLISTING potion of might (56 gold, have 48).
 26695 | Orc:2    | 26695 ||| INVOKING Brothers in Arms.
 26698 | Orc:2    | 26698 ||| INVOKING Berserk.
 26901 | Orc:2    | 26901 ||| INVOKING Trog's Hand.
 26903 | Orc:2    | Noticed an orc warlord
 26906 | Orc:2    | 26906 ||| INVOKING Berserk.
 26914 | Orc:2    | Reached skill level 6 in Dodging
 26921 | Orc:2    | Killed an orc warlord
 26926 | Orc:2    | Found Oxtexoff's Antique Weapon Boutique.
 26937 | Orc:2    | 26937 ||| INVOKING Brothers in Arms.
 26938 | Orc:2    | 26938 ||| INVOKING Brothers in Arms.
 26943 | Orc:2    | Found Popovodiu's Antique Armour Shop.
 27235 | Orc:2    | 27235 ||| SHOPLISTING shiny plate armour (858 gold, have
                  | 73).
 27300 | Orc:2    | 27300 ||| Stepping ~*~*~tactically~*~*~ (hiding).
 27418 | Orc:2    | 27418 ||| Stepping ~*~*~tactically~*~*~ (stealth).
 27426 | Orc:2    | 27426 ||| PLANNING SHOALS:1-3
 27426 | Orc:2    | 27426 ||| UPGRADING to amulet of regeneration.
 27431 | Orc:2    | 27431 ||| DROPPING +6 ring of dexterity.
 27432 | Orc:2    | 27432 ||| DROPPING ring of fire.
 27600 | Shoals:1 | Entered Level 1 of the Shoals
 27604 | Shoals:1 | 27604 ||| Stepping ~*~*~tactically~*~*~ (stealth).
 27606 | Shoals:1 | 27606 ||| Stepping ~*~*~tactically~*~*~ (hiding).
 27607 | Shoals:1 | 27607 ||| Stepping ~*~*~tactically~*~*~ (hiding).
 27609 | Shoals:1 | 27609 ||| Stepping ~*~*~tactically~*~*~ (hiding).
 27611 | Shoals:1 | 27611 ||| INVOKING Berserk.
 27625 | Shoals:1 | 27625 ||| INVOKING Brothers in Arms.
 27626 | Shoals:1 | 27626 ||| INVOKING Brothers in Arms.
 27632 | Shoals:1 | Reached XP level 16. HP: 83/151 MP: 15/15
 27815 | Shoals:1 | Reached skill level 15 in Shields
 27896 | Shoals:1 | Reached skill level 6 in Throwing
 28058 | Shoals:1 | 28058 ||| INVOKING Trog's Hand.
 28059 | Shoals:1 | 28059 ||| INVOKING Brothers in Arms.
 28397 | Shoals:2 | 28397 ||| STAIRDANCE
 28399 | Shoals:1 | 28399 ||| INVOKING Trog's Hand.
 28400 | Shoals:1 | 28400 ||| INVOKING Brothers in Arms.
 28401 | Shoals:1 | 28401 ||| INVOKING Berserk.
 28517 | Shoals:2 | 28517 ||| INVOKING Berserk.
 28531 | Shoals:2 | 28531 ||| STAIRDANCE
 28660 | Shoals:2 | 28660 ||| STAIRDANCE
 28665 | Shoals:1 | Reached skill level 17 in Fighting
 28687 | Shoals:2 | 28687 ||| Stepping ~*~*~tactically~*~*~ (hiding).
 28688 | Shoals:2 | 28688 ||| Stepping ~*~*~tactically~*~*~ (hiding).
 28689 | Shoals:2 | 28689 ||| Stepping ~*~*~tactically~*~*~ (hiding).
 28691 | Shoals:2 | 28691 ||| Stepping ~*~*~tactically~*~*~ (hiding).
 28692 | Shoals:2 | 28692 ||| Stepping ~*~*~tactically~*~*~ (hiding).
 28948 | Shoals:2 | 28948 ||| INVOKING Berserk.
 29153 | Shoals:2 | Noticed a kraken
 29161 | Shoals:2 | Killed a kraken
 29181 | Shoals:2 | 29181 ||| Stepping ~*~*~tactically~*~*~ (stealth).
 29182 | Shoals:2 | 29182 ||| INVOKING Berserk.
 29197 | Shoals:2 | 29197 ||| INVOKING Brothers in Arms.
 29208 | Shoals:2 | HP: 37/155 [poisoned by a merfolk impaler]
 29213 | Shoals:2 | HP: 36/155 [poisoned by a merfolk impaler]
 29224 | Shoals:2 | 29224 ||| INVOKING Brothers in Arms.
 29244 | Shoals:2 | 29244 ||| INVOKING Berserk.
 29342 | Shoals:2 | 29342 ||| Stepping ~*~*~tactically~*~*~ (hiding).
 29344 | Shoals:2 | 29344 ||| Stepping ~*~*~tactically~*~*~ (hiding).
 29393 | Shoals:2 | 29393 ||| INVOKING Berserk.
 29525 | Shoals:2 | 29525 ||| Stepping ~*~*~tactically~*~*~ (stealth).
 29787 | Shoals:2 | 29787 ||| INVOKING Brothers in Arms.
 29793 | Shoals:2 | 29793 ||| INVOKING Berserk.
 29966 | Shoals:2 | Noticed a kraken
 29974 | Shoals:2 | Killed a kraken
 30052 | Shoals:2 | 30052 ||| DROPPING ring of positive energy.
 30069 | Shoals:3 | 30069 ||| INVOKING Trog's Hand.
 30070 | Shoals:3 | 30070 ||| INVOKING Berserk.
 30232 | Shoals:3 | 30232 ||| Stepping ~*~*~tactically~*~*~ (hiding).
 30240 | Shoals:3 | 30240 ||| INVOKING Trog's Hand.
 30269 | Shoals:3 | HP: 39/157 [wind drake/the air (14)]
 30270 | Shoals:3 | 30270 ||| READING 5 scrolls of teleportation.
 30313 | Shoals:3 | 30313 ||| FLEEEEING.
 30314 | Shoals:3 | 30314 ||| FLEEEEING.
 30320 | Shoals:3 | Reached skill level 18 in Fighting
 30320 | Shoals:3 | 30320 ||| INVOKING Berserk.
 30357 | Shoals:3 | Reached XP level 17. HP: 147/163 MP: 16/16
 30358 | Shoals:3 | 30358 ||| INVOKING Brothers in Arms.
 30359 | Shoals:3 | 30359 ||| INVOKING Brothers in Arms.
 30360 | Shoals:3 | 30360 ||| INVOKING Brothers in Arms.
 30363 | Shoals:3 | 30363 ||| INVOKING Berserk.
 30415 | Shoals:3 | 30415 ||| Stepping ~*~*~tactically~*~*~ (stealth).
 30420 | Shoals:3 | 30420 ||| Stepping ~*~*~tactically~*~*~ (stealth).
 30422 | Shoals:3 | 30422 ||| Stepping ~*~*~tactically~*~*~ (hiding).
 30508 | Shoals:3 | Noticed a kraken
 30518 | Shoals:3 | Killed a kraken
 30643 | Shoals:3 | 30643 ||| INVOKING Berserk.
 30649 | Shoals:3 | Reached skill level 9 in Throwing
 30666 | Shoals:3 | 30666 ||| INVOKING Brothers in Arms.
 30800 | Shoals:3 | 30800 ||| INVOKING Trog's Hand.
 30841 | Shoals:3 | 30841 ||| Stepping ~*~*~tactically~*~*~ (hiding).
 30842 | Shoals:3 | 30842 ||| Stepping ~*~*~tactically~*~*~ (hiding).
 30843 | Shoals:3 | 30843 ||| Stepping ~*~*~tactically~*~*~ (hiding).
 31040 | Shoals:3 | 31040 ||| READING 2 scrolls of acquirement.
 31040 | Shoals:3 | 31040 ||| ACQUIRING +1 cloak of Gestures {rF+ Str-5 Int+7}
 31040 | Shoals:3 | Acquired the +1 cloak of Gestures {rF+ Str-5 Int+7}
 31042 | Shoals:3 | 31042 ||| READING scroll of acquirement.
 31042 | Shoals:3 | 31042 ||| ACQUIRING amulet "Feebboli" {Reflect Rampage
                  | +Blink rCorr Str-2 SH+5}
 31042 | Shoals:3 | Acquired the amulet "Feebboli" {Reflect Rampage +Blink
                  | rCorr Str-2 SH+5}
 31044 | Shoals:3 | 31044 ||| UPGRADING to amulet "Feebboli" {Reflect Rampage
                  | +Blink rCorr Str-2 SH+5}.
 31108 | Shoals:3 | 31108 ||| Stepping ~*~*~tactically~*~*~ (stealth).
 31109 | Shoals:3 | 31109 ||| Stepping ~*~*~tactically~*~*~ (stealth).
 31111 | Shoals:3 | Noticed a titan
 31123 | Shoals:3 | 31123 ||| DROPPING amulet of regeneration.
 31124 | Shoals:3 | 31124 ||| READING 5 scrolls of teleportation.
 31128 | Shoals:3 | 31128 ||| INVOKING Trog's Hand.
 31129 | Shoals:3 | 31129 ||| INVOKING Brothers in Arms.
 31130 | Shoals:3 | 31130 ||| INVOKING Brothers in Arms.
 31131 | Shoals:3 | 31131 ||| INVOKING Brothers in Arms.
 31333 | Shoals:3 | 31333 ||| Stepping ~*~*~tactically~*~*~ (stealth).
 31337 | Shoals:3 | 31337 ||| INVOKING Berserk.
 31342 | Shoals:3 | Killed a titan
 31475 | Shoals:3 | 31475 ||| PLANNING SNAKE:1-3
 31557 | Snake:1  | Entered Level 1 of the Snake Pit
 32102 | Snake:1  | 32102 ||| DROPPING +3 flail.
 32123 | Snake:1  | 32123 ||| Stepping ~*~*~tactically~*~*~ (hiding).
 32124 | Snake:1  | 32124 ||| Stepping ~*~*~tactically~*~*~ (hiding).
 32130 | Snake:1  | 32130 ||| Stepping ~*~*~tactically~*~*~ (hiding).
 32132 | Snake:1  | 32132 ||| Stepping ~*~*~tactically~*~*~ (hiding).
 32238 | Snake:1  | Noticed Josephine
 32239 | Snake:1  | 32239 ||| Stepping ~*~*~tactically~*~*~ (hiding).
 32247 | Snake:1  | 32247 ||| Stepping ~*~*~tactically~*~*~ (stealth).
 32253 | Snake:1  | Killed Josephine
 32316 | Snake:1  | Reached skill level 19 in Fighting
 32354 | Snake:1  | 32354 ||| Stepping ~*~*~tactically~*~*~ (hiding).
 32357 | Snake:1  | 32357 ||| Stepping ~*~*~tactically~*~*~ (hiding).
 32633 | Snake:1  | 32633 ||| Stepping ~*~*~tactically~*~*~ (stealth).
 32647 | Snake:1  | 32647 ||| Stepping ~*~*~tactically~*~*~ (stealth).
 32663 | Snake:1  | 32663 ||| Stepping ~*~*~tactically~*~*~ (hiding).
 32666 | Snake:1  | 32666 ||| Stepping ~*~*~tactically~*~*~ (hiding).
 32797 | Snake:2  | Noticed Vashnia
 32798 | Snake:2  | 32798 ||| STAIRDANCE
 32800 | Snake:1  | 32800 ||| INVOKING Berserk.
 32926 | Snake:2  | 32926 ||| STAIRDANCE
 32980 | Snake:2  | 32980 ||| STAIRDANCE
 33021 | Snake:2  | 33021 ||| STAIRDANCE
 33025 | Snake:2  | 33025 ||| STAIRDANCE
 33062 | Snake:2  | 33062 ||| INVOKING Berserk.
 33073 | Snake:2  | 33073 ||| INVOKING Brothers in Arms.
 33074 | Snake:2  | 33074 ||| INVOKING Brothers in Arms.
 33084 | Snake:2  | Received a gift from Trog
 33086 | Snake:2  | 33086 ||| INVOKING Brothers in Arms.
 33089 | Snake:2  | HP: 42/168 [Vashnia/arrow (9)]
 33090 | Snake:2  | 33090 ||| READING 4 scrolls of teleportation.
 33091 | Snake:2  | 33091 ||| DRINKING 9 potions of heal wounds.
 33092 | Snake:2  | 33092 ||| FLEEEEING.
 33397 | Snake:2  | 33397 ||| Stepping ~*~*~tactically~*~*~ (stealth).
 33399 | Snake:2  | 33399 ||| Stepping ~*~*~tactically~*~*~ (stealth).
 33401 | Snake:2  | 33401 ||| Stepping ~*~*~tactically~*~*~ (hiding).
 33513 | Snake:2  | 33513 ||| Stepping ~*~*~tactically~*~*~ (hiding).
 33518 | Snake:2  | 33518 ||| INVOKING Berserk.
 33552 | Snake:2  | 33552 ||| Stepping ~*~*~tactically~*~*~ (hiding).
 33587 | Snake:2  | 33587 ||| INVOKING Berserk.
 33605 | Snake:2  | 33605 ||| Stepping ~*~*~tactically~*~*~ (stealth).
 33607 | Snake:2  | 33607 ||| Stepping ~*~*~tactically~*~*~ (hiding).
 33609 | Snake:2  | 33609 ||| Stepping ~*~*~tactically~*~*~ (hiding).
 33629 | Snake:2  | 33629 ||| Stepping ~*~*~tactically~*~*~ (stealth).
 33747 | Snake:2  | 33747 ||| Stepping ~*~*~tactically~*~*~ (stealth).
 33984 | Snake:2  | Found Myol's General Store.
 33986 | Snake:2  | 33986 ||| Stepping ~*~*~tactically~*~*~ (hiding).
 34135 | Snake:2  | 34135 ||| BUYING wand of digging (4) (168 gold).
 34135 | Snake:2  | Bought a wand of digging (4) for 168 gold pieces
 34234 | Snake:2  | 34234 ||| Stepping ~*~*~tactically~*~*~ (hiding).
 34240 | Snake:2  | 34240 ||| INVOKING Berserk.
 34373 | Snake:2  | Killed Vashnia
 34801 | Snake:2  | 34801 ||| READING 16 scrolls of identify.
 34801 | Snake:2  | 34801 ||| IDENTIFYING fizzy grey potion
 34802 | Snake:2  | 34802 ||| DROPPING potion of invisibility.
 35053 | Snake:3  | 35053 ||| Stepping ~*~*~tactically~*~*~ (stealth).
 35055 | Snake:3  | 35055 ||| Stepping ~*~*~tactically~*~*~ (stealth).
 35353 | Snake:3  | 35353 ||| INVOKING Berserk.
 35451 | Snake:3  | 35451 ||| INVOKING Berserk.
 35467 | Snake:3  | Reached skill level 20 in Fighting
 35478 | Snake:3  | 35478 ||| FLEEEEING.
 35612 | Snake:3  | Reached XP level 18. HP: 164/178 MP: 17/17
 35621 | Snake:3  | 35621 ||| INVOKING Berserk.
 35753 | Snake:3  | 35753 ||| DROPPING +0 morningstar.
 35762 | Snake:3  | Identified the +5 great mace of the Bedazzling Gods {venom,
                  | rC+ Will+}
 36070 | Snake:3  | 36070 ||| PLANNING SHOALS:4
 36070 | Snake:3  | 36070 ||| UPGRADING to +0 tower shield of poison
                  | resistance.
 36080 | Snake:3  | 36080 ||| DROPPING +2 kite shield.
 36081 | Snake:3  | 36081 ||| DROPPING +2 kite shield of positive energy.
 36082 | Snake:3  | 36082 ||| DROPPING +0 kite shield of protection.
 36255 | Shoals:4 | Entered Level 4 of the Shoals
 36257 | Shoals:4 | 36257 ||| Stepping ~*~*~tactically~*~*~ (hiding).
 36258 | Shoals:4 | 36258 ||| Stepping ~*~*~tactically~*~*~ (hiding).
 36262 | Shoals:4 | 36262 ||| INVOKING Berserk.
 36450 | Shoals:4 | 36450 ||| INVOKING Berserk.
 36639 | Shoals:4 | 36639 ||| INVOKING Trog's Hand.
 36640 | Shoals:4 | 36640 ||| INVOKING Brothers in Arms.
 36657 | Shoals:4 | 36657 ||| Stepping ~*~*~tactically~*~*~ (cloud).
 36672 | Shoals:4 | 36672 ||| INVOKING Berserk.
 36675 | Shoals:4 | Reached skill level 18 in Shields
 36699 | Shoals:4 | Noticed Mara
 36702 | Shoals:4 | HP: 44/178 [merfolk aquamancer/ball of steam (32)]
 36703 | Shoals:4 | 36703 ||| READING 3 scrolls of teleportation.
 36710 | Shoals:4 | 36710 ||| INVOKING Brothers in Arms.
 36710 | Shoals:4 | HP: 40/178 [merfolk impaler/+1 trident of venom (8)]
 36711 | Shoals:4 | 36711 ||| READING 2 scrolls of teleportation.
 36712 | Shoals:4 | 36712 ||| DRINKING 8 potions of heal wounds.
 36713 | Shoals:4 | 36713 ||| INVOKING Berserk.
 36811 | Shoals:4 | 36811 ||| INVOKING Trog's Hand.
 36819 | Shoals:4 | 36819 ||| INVOKING Berserk.
 37061 | Shoals:4 | 37061 ||| Stepping ~*~*~tactically~*~*~ (stealth).
 37062 | Shoals:4 | 37062 ||| Stepping ~*~*~tactically~*~*~ (stealth).
 37088 | Shoals:4 | 37088 ||| Stepping ~*~*~tactically~*~*~ (stealth).
 37089 | Shoals:4 | 37089 ||| Stepping ~*~*~tactically~*~*~ (stealth).
 37090 | Shoals:4 | 37090 ||| Stepping ~*~*~tactically~*~*~ (stealth).
 37092 | Shoals:4 | 37092 ||| Stepping ~*~*~tactically~*~*~ (hiding).
 37305 | Shoals:4 | Got a barnacled rune of Zot
 37444 | Shoals:4 | 37444 ||| Stepping ~*~*~tactically~*~*~ (stealth).
 37446 | Shoals:4 | 37446 ||| Stepping ~*~*~tactically~*~*~ (hiding).
 37449 | Shoals:4 | 37449 ||| Stepping ~*~*~tactically~*~*~ (hiding).
 37541 | Shoals:4 | 37541 ||| Stepping ~*~*~tactically~*~*~ (stealth).
 37543 | Shoals:4 | 37543 ||| Stepping ~*~*~tactically~*~*~ (hiding).
 37571 | Shoals:4 | 37571 ||| INVOKING Berserk.
 37579 | Shoals:4 | Noticed qw's illusion
 37584 | Shoals:4 | Killed Mara
 37698 | Shoals:4 | Identified the ring "Gara" {rPois AC+4}
 37723 | Shoals:4 | Noticed Polyphemus
 37725 | Shoals:4 | 37725 ||| Stepping ~*~*~tactically~*~*~ (hiding).
 37728 | Shoals:4 | 37728 ||| INVOKING Berserk.
 37737 | Shoals:4 | Killed Polyphemus
 37970 | Shoals:4 | 37970 ||| PLANNING VAULTS:1-4
 37970 | Shoals:4 | 37970 ||| UPGRADING to amulet of reflection.
 37980 | Shoals:4 | 37980 ||| DROPPING amulet "Feebboli" {Reflect Rampage
                  | +Blink rCorr Str-2 SH+5}.
 37981 | Shoals:4 | 37981 ||| UPGRADING to ring "Avufin" {rC+ Will+}.
 37983 | Shoals:4 | 37983 ||| DROPPING +4 ring of protection.
 37984 | Shoals:4 | 37984 ||| DROPPING 34 boomerangs.
 37985 | Shoals:4 | 37985 ||| DROPPING 6 silver boomerangs.
 38200 | Vaults:1 | Entered Level 1 of the Vaults
 38200 | Vaults:1 | Found Qeneolop's Magic Scroll Emporium.
 38205 | Vaults:1 | 38205 ||| BUYING scroll of brand weapon (123 gold).
 38205 | Vaults:1 | Bought a scroll of brand weapon for 123 gold pieces
 38205 | Vaults:1 | 38205 ||| BUYING scroll of enchant armour (97 gold).
 38205 | Vaults:1 | Bought a scroll of enchant armour for 97 gold pieces
 38205 | Vaults:1 | 38205 ||| BUYING scroll of enchant armour (97 gold).
 38205 | Vaults:1 | Bought a scroll of enchant armour for 97 gold pieces
 38205 | Vaults:1 | 38205 ||| BUYING scroll of enchant armour (97 gold).
 38205 | Vaults:1 | Bought a scroll of enchant armour for 97 gold pieces
 38205 | Vaults:1 | 38205 ||| BUYING scroll of teleportation (39 gold).
 38205 | Vaults:1 | Bought a scroll of teleportation for 39 gold pieces
 38351 | Vaults:1 | 38351 ||| Stepping ~*~*~tactically~*~*~ (hiding).
 38356 | Vaults:1 | 38356 ||| INVOKING Trog's Hand.
 38435 | Vaults:1 | 38435 ||| INVOKING Trog's Hand.
 38670 | Vaults:1 | 38670 ||| Stepping ~*~*~tactically~*~*~ (hiding).
 38676 | Vaults:1 | 38676 ||| INVOKING Brothers in Arms.
 38681 | Vaults:1 | 38681 ||| INVOKING Berserk.
 38781 | Vaults:1 | 38781 ||| Stepping ~*~*~tactically~*~*~ (hiding).
 38787 | Vaults:1 | 38787 ||| INVOKING Trog's Hand.
 38847 | Vaults:1 | 38847 ||| DRINKING 17 potions of curing.
 38847 | Vaults:1 | 38847 ||| (to cure confusion)
 38848 | Vaults:1 | 38848 ||| Stepping ~*~*~tactically~*~*~ (hiding).
 38850 | Vaults:1 | 38850 ||| INVOKING Trog's Hand.
 38975 | Vaults:1 | 38975 ||| INVOKING Brothers in Arms.
 38976 | Vaults:1 | 38976 ||| INVOKING Brothers in Arms.
 38979 | Vaults:1 | 38979 ||| INVOKING Berserk.
 38983 | Vaults:1 | Reached skill level 9 in Dodging
 39007 | Vaults:1 | 39007 ||| Stepping ~*~*~tactically~*~*~ (hiding).
 39119 | Vaults:1 | 39119 ||| INVOKING Trog's Hand.
 39306 | Vaults:1 | 39306 ||| INVOKING Trog's Hand.
 39319 | Vaults:1 | Noticed Nikola
 39320 | Vaults:1 | 39320 ||| INVOKING Brothers in Arms.
 39321 | Vaults:1 | 39321 ||| INVOKING Berserk.
 39325 | Vaults:1 | Reached skill level 21 in Shields
 39331 | Vaults:1 | Killed Nikola
 39592 | Vaults:1 | 39592 ||| DROPPING scarf of invisibility.
 39655 | Vaults:2 | 39655 ||| Stepping ~*~*~tactically~*~*~ (hiding).
 39657 | Vaults:2 | 39657 ||| Stepping ~*~*~tactically~*~*~ (hiding).
 39699 | Vaults:2 | 39699 ||| INVOKING Trog's Hand.
 39701 | Vaults:2 | 39701 ||| Stepping ~*~*~tactically~*~*~ (hiding).
 39837 | Vaults:2 | 39837 ||| Stepping ~*~*~tactically~*~*~ (hiding).
 39843 | Vaults:2 | 39843 ||| INVOKING Trog's Hand.
 39847 | Vaults:2 | Reached XP level 19. HP: 187/187 MP: 18/18
 39870 | Vaults:2 | Noticed Xtahua
 39871 | Vaults:2 | 39871 ||| Stepping ~*~*~tactically~*~*~ (hiding).
 39875 | Vaults:2 | 39875 ||| INVOKING Trog's Hand.
 39877 | Vaults:2 | 39877 ||| DRINKING 2 potions of resistance.
 39880 | Vaults:2 | 39880 ||| INVOKING Berserk.
 39885 | Vaults:2 | Killed Xtahua
 40019 | Vaults:2 | 40019 ||| Stepping ~*~*~tactically~*~*~ (stealth).
 40274 | Vaults:2 | 40274 ||| INVOKING Trog's Hand.
 40278 | Vaults:2 | Reached skill level 21 in Fighting
 40525 | Vaults:2 | 40525 ||| Stepping ~*~*~tactically~*~*~ (stealth).
 40778 | Vaults:2 | 40778 ||| Stepping ~*~*~tactically~*~*~ (stealth).
 40809 | Vaults:2 | 40809 ||| FLEEEEING.
 41015 | Vaults:2 | 41015 ||| Stepping ~*~*~tactically~*~*~ (hiding).
 41135 | Vaults:2 | Found a staircase to the Crypt.
 41256 | Vaults:2 | Identified the +1 sling of Watchfulness {freeze, rF+ Str+4}
 41308 | Vaults:2 | 41308 ||| Stepping ~*~*~tactically~*~*~ (stealth).
 41423 | Vaults:2 | 41423 ||| Stepping ~*~*~tactically~*~*~ (hiding).
 41426 | Vaults:2 | 41426 ||| Stepping ~*~*~tactically~*~*~ (hiding).
 41428 | Vaults:2 | 41428 ||| Stepping ~*~*~tactically~*~*~ (hiding).
 41433 | Vaults:2 | 41433 ||| INVOKING Brothers in Arms.
 41434 | Vaults:2 | 41434 ||| INVOKING Berserk.
 41445 | Vaults:2 | Reached skill level 22 in Fighting
 41578 | Vaults:2 | 41578 ||| Stepping ~*~*~tactically~*~*~ (hiding).
 41589 | Vaults:2 | Reached skill level 12 in Throwing
 41613 | Vaults:2 | 41613 ||| INVOKING Trog's Hand.
 41614 | Vaults:2 | 41614 ||| INVOKING Berserk.
 41639 | Vaults:2 | 41639 ||| INVOKING Brothers in Arms.
 41808 | Vaults:2 | 41808 ||| INVOKING Trog's Hand.
 41811 | Vaults:2 | 41811 ||| INVOKING Berserk.
 41939 | Vaults:2 | 41939 ||| Stepping ~*~*~tactically~*~*~ (hiding).
 41943 | Vaults:2 | 41943 ||| INVOKING Berserk.
 42139 | Vaults:2 | 42139 ||| INVOKING Brothers in Arms.
 42140 | Vaults:2 | 42140 ||| INVOKING Berserk.
 42291 | Vaults:2 | 42291 ||| DROPPING +4 ring of slaying {mikee}.
 42314 | Vaults:3 | 42314 ||| PLANNING BAZAAR
 42394 | Vaults:3 | 42394 ||| Stepping ~*~*~tactically~*~*~ (hiding).
 42395 | Vaults:3 | 42395 ||| Stepping ~*~*~tactically~*~*~ (hiding).
 42641 | Vaults:3 | 42641 ||| Stepping ~*~*~tactically~*~*~ (hiding).
 42720 | Vaults:3 | 42720 ||| INVOKING Berserk.
 42824 | Vaults:3 | Identified the +8 hand axe of Ovaps {antimagic, rElec}
                  | (Trog gifted it to you on level 3 of the Vaults)
 42824 | Vaults:3 | Received a gift from Trog
 42854 | Vaults:3 | 42854 ||| Stepping ~*~*~tactically~*~*~ (hiding).
 42860 | Vaults:3 | 42860 ||| INVOKING Trog's Hand.
 42870 | Vaults:3 | 42870 ||| Stepping ~*~*~tactically~*~*~ (hiding).
 42871 | Vaults:3 | 42871 ||| Stepping ~*~*~tactically~*~*~ (hiding).
 42983 | Vaults:3 | 42983 ||| INVOKING Trog's Hand.
 43025 | Vaults:3 | 43025 ||| Stepping ~*~*~tactically~*~*~ (hiding).
 43144 | Vaults:3 | 43144 ||| INVOKING Trog's Hand.
 43156 | Vaults:3 | Reached XP level 20. HP: 186/200 MP: 19/19
 43231 | Vaults:3 | 43231 ||| Stepping ~*~*~tactically~*~*~ (stealth).
 43308 | Vaults:3 | 43308 ||| RIP BAZAAR
 43326 | Vaults:3 | 43326 ||| PLANNING VAULTS:1-4
 43502 | Vaults:3 | 43502 ||| Stepping ~*~*~tactically~*~*~ (hiding).
 43934 | Vaults:3 | 43934 ||| Stepping ~*~*~tactically~*~*~ (hiding).
 43939 | Vaults:3 | 43939 ||| INVOKING Berserk.
 43945 | Vaults:3 | Noticed Sojobo
 43949 | Vaults:3 | 43949 ||| INVOKING Brothers in Arms.
 43953 | Vaults:3 | Killed Sojobo
 44129 | Vaults:3 | 44129 ||| Stepping ~*~*~tactically~*~*~ (hiding).
 44134 | Vaults:3 | 44134 ||| INVOKING Trog's Hand.
 44351 | Vaults:3 | 44351 ||| DROPPING scarf of repulsion.
 44352 | Vaults:3 | 44352 ||| DROPPING amulet of magic regeneration.
 44373 | Vaults:4 | 44373 ||| PLANNING DESOLATION
 44379 | Vaults:4 | 44379 ||| Stepping ~*~*~tactically~*~*~ (stealth).
 44381 | Vaults:4 | 44381 ||| INVOKING Trog's Hand.
 44411 | Vaults:4 | 44411 ||| Stepping ~*~*~tactically~*~*~ (hiding).
 44413 | Vaults:4 | 44413 ||| Stepping ~*~*~tactically~*~*~ (hiding).
 44475 | Vaults:4 | Found a glowing silver altar of Zin.
 44476 | Vaults:4 | Found a white marble altar of Elyvilon.
 44478 | Vaults:4 | Found a glowing golden altar of the Shining One.
 44506 | Vaults:4 | Found a crumbling gateway.
 44507 | Vaults:4 | 44507 ||| DROPPING ring of fire.
 44508 | Vaults:4 | 44508 ||| UPGRADING to ring "Gara" {rPois AC+4}.
 44608 | Desolati | Entered the Desolation of Salt
 44620 | Desolati | Reached skill level 23 in Fighting
 44684 | Desolati | 44684 ||| Stepping ~*~*~tactically~*~*~ (hiding).
 44805 | Desolati | Identified the +6 halberd "Valaufev" {vorpal, rPois Str+5
                  | Int+2 Stlth+}
 45065 | Desolati | 45065 ||| Stepping ~*~*~tactically~*~*~ (stealth).
 45067 | Desolati | 45067 ||| Stepping ~*~*~tactically~*~*~ (stealth).
 45071 | Desolati | 45071 ||| Stepping ~*~*~tactically~*~*~ (hiding).
 45072 | Desolati | 45072 ||| Stepping ~*~*~tactically~*~*~ (stealth).
 45081 | Desolati | Received a gift from Trog
 45096 | Desolati | 45096 ||| Stepping ~*~*~tactically~*~*~ (hiding).
 45101 | Desolati | 45101 ||| Stepping ~*~*~tactically~*~*~ (hiding).
 45103 | Desolati | Reached ****** piety under Trog
 45104 | Desolati | 45104 ||| Stepping ~*~*~tactically~*~*~ (hiding).
 45121 | Desolati | Identified the +7 dagger "Tiwin" {venom, rPois rC+ Dex-4}
 45123 | Desolati | 45123 ||| Stepping ~*~*~tactically~*~*~ (stealth).
 45136 | Desolati | Identified the ring "Baseed" {+Blink AC+4}
 45138 | Desolati | 45138 ||| Stepping ~*~*~tactically~*~*~ (stealth).
 45141 | Desolati | 45141 ||| Stepping ~*~*~tactically~*~*~ (stealth).
 45212 | Desolati | Identified the +1 ice dragon scales "Vesosk" {rF- rC++
                  | Str+6}
 45234 | Desolati | 45234 ||| DRINKING 20 potions of curing.
 45234 | Desolati | 45234 ||| (to cure confusion)
 45242 | Desolati | 45242 ||| INVOKING Berserk.
 45254 | Desolati | 45254 ||| DRINKING 19 potions of curing.
 45254 | Desolati | 45254 ||| (to cure confusion)
 45255 | Desolati | 45255 ||| INVOKING Brothers in Arms.
 45257 | Desolati | HP: 41/203 [ragged hierophant/a resonance strike (11)]
 45258 | Desolati | 45258 ||| READING 5 scrolls of teleportation.
 45259 | Desolati | 45259 ||| DRINKING 7 potions of heal wounds.
 45733 | Desolati | Identified the amulet of Fiojaol {Faith rPois}
 45742 | Desolati | Identified the +1 robe "Gaomoniw" {Fly Archmagi}
 45818 | Desolati | 45818 ||| DROPPING +1 ice dragon scales "Vesosk" {rF- rC++
                  | Str+6}.
 45819 | Desolati | 45819 ||| DROPPING ring of ice.
 45820 | Desolati | 45820 ||| DROPPING ring "Baseed" {+Blink AC+4}.
 45848 | Vaults:4 | 45848 ||| PLANNING VAULTS:1-4
 45873 | Vaults:4 | Reached skill level 21 in Armour
 45911 | Vaults:4 | 45911 ||| INVOKING Trog's Hand.
 45917 | Vaults:4 | 45917 ||| Stepping ~*~*~tactically~*~*~ (hiding).
 45951 | Vaults:4 | 45951 ||| INVOKING Trog's Hand.
 46136 | Vaults:4 | 46136 ||| INVOKING Berserk.
 46474 | Vaults:4 | 46474 ||| INVOKING Trog's Hand.
 46502 | Vaults:4 | 46502 ||| Stepping ~*~*~tactically~*~*~ (hiding).
 46514 | Vaults:4 | 46514 ||| FLEEEEING.
 46515 | Vaults:4 | 46515 ||| FLEEEEING.
 46523 | Vaults:4 | 46523 ||| FLEEEEING.
 46532 | Vaults:4 | Reached skill level 24 in Fighting
 46556 | Vaults:4 | 46556 ||| FLEEEEING.
 46645 | Vaults:4 | 46645 ||| Stepping ~*~*~tactically~*~*~ (stealth).
 46646 | Vaults:4 | 46646 ||| INVOKING Brothers in Arms.
 46671 | Vaults:4 | Received a gift from Trog
 46683 | Vaults:4 | 46683 ||| INVOKING Trog's Hand.
 46686 | Vaults:4 | Reached XP level 21. HP: 213/214 MP: 20/20
 46691 | Vaults:4 | 46691 ||| DROPPING +3 vorpal broad axe.
 46715 | Vaults:4 | 46715 ||| Stepping ~*~*~tactically~*~*~ (stealth).
 46717 | Vaults:4 | 46717 ||| Stepping ~*~*~tactically~*~*~ (stealth).
 46718 | Vaults:4 | Noticed Saint Roka
 46719 | Vaults:4 | 46719 ||| Stepping ~*~*~tactically~*~*~ (hiding).
 46739 | Vaults:4 | Killed Saint Roka
 47127 | Vaults:4 | 47127 ||| INVOKING Trog's Hand.
 47149 | Vaults:4 | 47149 ||| Stepping ~*~*~tactically~*~*~ (hiding).
 47152 | Vaults:4 | 47152 ||| Stepping ~*~*~tactically~*~*~ (hiding).
 47157 | Vaults:4 | Reached skill level 12 in Dodging
 47252 | Vaults:4 | 47252 ||| INVOKING Trog's Hand.
 47395 | Vaults:4 | 47395 ||| DROPPING +0 cloak.
 47396 | Vaults:4 | 47396 ||| DROPPING amulet of the acrobat.
 47397 | Vaults:4 | 47397 ||| UPGRADING to ring "Avufin" {rC+ Will+}.
 47443 | Vaults:3 | 47443 ||| PLANNING SNAKE:4
 47443 | Vaults:3 | 47443 ||| UPGRADING to +4 ring of protection.
 47754 | Snake:4  | Entered Level 4 of the Snake Pit
 47755 | Snake:4  | 47755 ||| STAIRDANCE
 47787 | Snake:4  | 47787 ||| Stepping ~*~*~tactically~*~*~ (hiding).
 47790 | Snake:4  | 47790 ||| Stepping ~*~*~tactically~*~*~ (hiding).
 47800 | Snake:4  | 47800 ||| Stepping ~*~*~tactically~*~*~ (stealth).
 47956 | Snake:4  | Received a gift from Trog
 48012 | Snake:4  | 48012 ||| DROPPING +4 antimagic broad axe.
 48027 | Snake:4  | 48027 ||| Stepping ~*~*~tactically~*~*~ (hiding).
 48030 | Snake:4  | 48030 ||| Stepping ~*~*~tactically~*~*~ (hiding).
 48114 | Snake:4  | Reached skill level 25 in Fighting
 48207 | Snake:4  | 48207 ||| FLEEEEING.
 48386 | Snake:4  | Received a gift from Trog
 48515 | Snake:4  | 48515 ||| DROPPING +0 broad axe.
 48586 | Snake:4  | Found an ancient bone altar of Kikubaaqudgha.
 48746 | Snake:4  | 48746 ||| Stepping ~*~*~tactically~*~*~ (hiding).
 48829 | Snake:4  | 48829 ||| Stepping ~*~*~tactically~*~*~ (stealth).
 48836 | Snake:4  | 48836 ||| Stepping ~*~*~tactically~*~*~ (stealth).
 49033 | Snake:4  | Got a serpentine rune of Zot
 49040 | Snake:4  | 49040 ||| Stepping ~*~*~tactically~*~*~ (hiding).
 49123 | Snake:4  | 49123 ||| PLANNING DEPTHS
 49123 | Snake:4  | 49123 ||| DROPPING amulet of Fiojaol {Faith rPois}.
 49351 | Depths:1 | Entered Level 1 of the Depths
 49416 | Depths:1 | 49416 ||| Stepping ~*~*~tactically~*~*~ (hiding).
 49417 | Depths:1 | 49417 ||| INVOKING Trog's Hand.
 49418 | Depths:1 | 49418 ||| INVOKING Brothers in Arms.
 49419 | Depths:1 | 49419 ||| INVOKING Brothers in Arms.
 49421 | Depths:1 | 49421 ||| INVOKING Berserk.
 49595 | Depths:1 | 49595 ||| Stepping ~*~*~tactically~*~*~ (hiding).
 49730 | Depths:1 | Found a one-way gateway to a ziggurat.
 49742 | Depths:1 | 49742 ||| INVOKING Brothers in Arms.
 49743 | Depths:1 | 49743 ||| INVOKING Berserk.
 49937 | Depths:1 | 49937 ||| INVOKING Brothers in Arms.
 49940 | Depths:1 | 49940 ||| INVOKING Berserk.
 50062 | Depths:1 | Identified the +3 dagger of Muttering Death {drain, Str+2}
 50263 | Depths:1 | Found a one-way gate to the infinite horrors of the Abyss.
 50355 | Depths:1 | 50355 ||| Stepping ~*~*~tactically~*~*~ (stealth).
 50356 | Depths:1 | 50356 ||| Stepping ~*~*~tactically~*~*~ (stealth).
 50362 | Depths:1 | 50362 ||| Stepping ~*~*~tactically~*~*~ (stealth).
 50388 | Depths:1 | 50388 ||| INVOKING Berserk.
 50665 | Depths:1 | 50665 ||| ZAPPING wand of digging (7).
 50666 | Depths:1 | 50666 ||| READING 7 scrolls of teleportation.
 50706 | Depths:1 | Found a runed translucent door.
 50751 | Depths:1 | 50751 ||| Stepping ~*~*~tactically~*~*~ (stealth).
 50863 | Depths:1 | Found a gateway to Hell.
 50872 | Depths:1 | 50872 ||| INVOKING Berserk.
 50873 | Depths:1 | HP: 52/325 [balrug/fireball (52)]
 51306 | Depths:1 | Identified the +3 mace of Coshradd {drain, rPois Will+
                  | Int+6}
 51471 | Depths:1 | Found a runed translucent door.
 51521 | Depths:1 | Identified the +3 battleaxe of Giprabor {vorpal, rElec
                  | rN+++ Str+2 Dex-5}
 51564 | Depths:1 | Found a runed translucent door.
 51564 | Depths:1 | Noticed an ancient lich
 51750 | Depths:2 | 51750 ||| INVOKING Brothers in Arms.
 51753 | Depths:2 | 51753 ||| INVOKING Brothers in Arms.
 51754 | Depths:2 | 51754 ||| INVOKING Berserk.
 51951 | Depths:2 | 51951 ||| FLEEEEING.
 51952 | Depths:2 | 51952 ||| FLEEEEING.
 51953 | Depths:2 | 51953 ||| FLEEEEING.
 51954 | Depths:2 | 51954 ||| FLEEEEING.
 51956 | Depths:2 | 51956 ||| FLEEEEING.
 51963 | Depths:2 | 51963 ||| INVOKING Berserk.
 52085 | Depths:2 | Found a one-way gate leading to the halls of Pandemonium.
 52192 | Depths:2 | 52192 ||| INVOKING Trog's Hand.
 52193 | Depths:2 | 52193 ||| INVOKING Berserk.
 52198 | Depths:2 | Reached XP level 22. HP: 226/226 MP: 21/21
 52217 | Depths:2 | 52217 ||| INVOKING Trog's Hand.
 52479 | Depths:2 | 52479 ||| READING scroll of acquirement.
 52479 | Depths:2 | 52479 ||| ACQUIRING +1 cloak "Xaiguac" {rF+ rN+ Dex-3}
 52479 | Depths:2 | Acquired the +1 cloak "Xaiguac" {rF+ rN+ Dex-3}
 52481 | Depths:2 | 52481 ||| UPGRADING to +1 cloak "Xaiguac" {rF+ rN+ Dex-3}.
 52491 | Depths:2 | 52491 ||| DROPPING +1 cloak of Gestures {rF+ Str-5 Int+7}.
 52509 | Depths:2 | 52509 ||| Stepping ~*~*~tactically~*~*~ (hiding).
 52511 | Depths:2 | 52511 ||| Stepping ~*~*~tactically~*~*~ (hiding).
 52546 | Depths:2 | 52546 ||| Stepping ~*~*~tactically~*~*~ (stealth).
 52587 | Depths:2 | 52587 ||| Stepping ~*~*~tactically~*~*~ (hiding).
 52594 | Depths:2 | 52594 ||| Stepping ~*~*~tactically~*~*~ (hiding).
 52603 | Depths:2 | 52603 ||| Stepping ~*~*~tactically~*~*~ (hiding).
 52604 | Depths:2 | 52604 ||| Stepping ~*~*~tactically~*~*~ (hiding).
 52706 | Depths:2 | 52706 ||| Stepping ~*~*~tactically~*~*~ (hiding).
 52744 | Depths:2 | Noticed a caustic shrike
 52745 | Depths:2 | 52745 ||| INVOKING Brothers in Arms.
 52745 | Depths:2 | Noticed a caustic shrike
 52746 | Depths:2 | 52746 ||| INVOKING Brothers in Arms.
 52747 | Depths:2 | 52747 ||| INVOKING Berserk.
 52747 | Depths:2 | Noticed a caustic shrike
 52751 | Depths:2 | Killed a caustic shrike
 52753 | Depths:2 | Killed a caustic shrike
 52757 | Depths:2 | Killed a caustic shrike
 52771 | Depths:2 | 52771 ||| Stepping ~*~*~tactically~*~*~ (hiding).
 52773 | Depths:2 | 52773 ||| Stepping ~*~*~tactically~*~*~ (hiding).
 52870 | Depths:2 | Found a hazy altar of Hepliaklqana.
 53092 | Depths:2 | 53092 ||| INVOKING Trog's Hand.
 53366 | Depths:2 | 53366 ||| DROPPING amulet of faith.
 53419 | Depths:3 | 53419 ||| Stepping ~*~*~tactically~*~*~ (stealth).
 53420 | Depths:3 | 53420 ||| Stepping ~*~*~tactically~*~*~ (hiding).
 53422 | Depths:3 | 53422 ||| Stepping ~*~*~tactically~*~*~ (stealth).
 53424 | Depths:3 | 53424 ||| INVOKING Berserk.
 53529 | Depths:3 | Identified the +10 rapier "Ylo Ella" {flame, rF+ rN+}
 53544 | Depths:3 | 53544 ||| Stepping ~*~*~tactically~*~*~ (hiding).
 53864 | Depths:3 | You are sucked into a shaft and drop 1 floor!
 53864 | Depths:4 | Entered Level 4 of the Depths
 53878 | Depths:4 | 53878 ||| INVOKING Brothers in Arms.
 53882 | Depths:4 | 53882 ||| INVOKING Berserk.
 53914 | Depths:4 | 53914 ||| INVOKING Brothers in Arms.
 53940 | Depths:4 | 53940 ||| INVOKING Trog's Hand.
 53949 | Depths:4 | 53949 ||| INVOKING Berserk.
 53980 | Depths:4 | 53980 ||| INVOKING Brothers in Arms.
 54286 | Depths:3 | 54286 ||| Stepping ~*~*~tactically~*~*~ (hiding).
 54290 | Depths:3 | 54290 ||| INVOKING Berserk.
 54459 | Depths:3 | Identified the +1 helmet "Jyfatz" {Int+3}
 54489 | Depths:3 | 54489 ||| Stepping ~*~*~tactically~*~*~ (hiding).
 55283 | Depths:3 | 55283 ||| STAIRDANCE
 55285 | Depths:2 | 55285 ||| INVOKING Trog's Hand.
 55383 | Depths:3 | 55383 ||| INVOKING Trog's Hand.
 55535 | Depths:4 | Reached skill level 15 in Throwing
 55614 | Depths:4 | 55614 ||| Stepping ~*~*~tactically~*~*~ (hiding).
 55624 | Depths:4 | 55624 ||| Stepping ~*~*~tactically~*~*~ (hiding).
 55644 | Depths:4 | 55644 ||| Stepping ~*~*~tactically~*~*~ (stealth).
 55669 | Depths:4 | Received a gift from Trog
 55721 | Depths:4 | 55721 ||| INVOKING Berserk.
 55725 | Depths:4 | Reached skill level 24 in Armour
 55808 | Depths:4 | 55808 ||| Stepping ~*~*~tactically~*~*~ (hiding).
 55822 | Depths:4 | 55822 ||| Stepping ~*~*~tactically~*~*~ (hiding).
 55861 | Depths:4 | Found a gate to the Realm of Zot.
 55861 | Depths:4 | Noticed a golden dragon
 55862 | Depths:4 | 55862 ||| Stepping ~*~*~tactically~*~*~ (hiding).
 55870 | Depths:4 | 55870 ||| INVOKING Brothers in Arms.
 55871 | Depths:4 | 55871 ||| INVOKING Berserk.
 55875 | Depths:4 | Killed a golden dragon
 55963 | Depths:4 | 55963 ||| Stepping ~*~*~tactically~*~*~ (hiding).
 55965 | Depths:4 | 55965 ||| INVOKING Berserk.
 56106 | Depths:4 | 56106 ||| Stepping ~*~*~tactically~*~*~ (hiding).
 56380 | Depths:4 | 56380 ||| PLANNING VAULTS:5
 56380 | Depths:4 | 56380 ||| DROPPING +0 cloak of stealth.
 56381 | Depths:4 | 56381 ||| UPGRADING to ring "Avufin" {rC+ Will+}.
 56626 | Vaults:5 | Entered Level 5 of the Vaults
 56628 | Vaults:5 | 56628 ||| STAIRDANCE
 56650 | Vaults:5 | 56650 ||| STAIRDANCE
 56655 | Vaults:4 | Reached skill level 26 in Fighting
 56712 | Vaults:5 | 56712 ||| STAIRDANCE
 56895 | Vaults:5 | 56895 ||| STAIRDANCE
 56902 | Vaults:4 | Reached XP level 23. HP: 185/236 MP: 22/22
 57014 | Vaults:5 | 57014 ||| STAIRDANCE
 57031 | Vaults:5 | 57031 ||| INVOKING Brothers in Arms.
 57032 | Vaults:5 | 57032 ||| INVOKING Berserk.
 57046 | Vaults:5 | 57046 ||| INVOKING Trog's Hand.
 57084 | Vaults:5 | 57084 ||| INVOKING Berserk.
 57100 | Vaults:5 | 57100 ||| Stepping ~*~*~tactically~*~*~ (hiding).
 57105 | Vaults:5 | 57105 ||| INVOKING Brothers in Arms.
 57237 | Vaults:5 | 57237 ||| INVOKING Berserk.
 57323 | Vaults:5 | 57323 ||| Stepping ~*~*~tactically~*~*~ (hiding).
 57339 | Vaults:5 | 57339 ||| INVOKING Trog's Hand.
 57348 | Vaults:5 | 57348 ||| INVOKING Berserk.
 57375 | Vaults:5 | 57375 ||| Stepping ~*~*~tactically~*~*~ (stealth).
 57559 | Vaults:5 | 57559 ||| INVOKING Berserk.
 57718 | Vaults:5 | 57718 ||| INVOKING Berserk.
 57733 | Vaults:5 | 57733 ||| INVOKING Trog's Hand.
 57743 | Vaults:5 | HP: 51/236 [vault warden/+5 great mace of holy wrath (34)]
 57744 | Vaults:5 | 57744 ||| READING 9 scrolls of teleportation.
 57744 | Vaults:5 | HP: 1/236 [vault warden/+5 great mace of holy wrath (35)]
 57744 | Vaults:5 | Mangled by an ettin

Levels and vault maps discovered:
D:1:      mrwooster_arrival_statue_2, layout_loops_ring,
          dreamdust_ecumenical_altar_statues
D:2:      layout_basic, minmay_tromino_v2
D:3:      layout_loops_ring, mainiacjoe_overflow_alcove_1
D:4:      layout_basic, serial_shops, nicolae_shop_hallway_plus
D:5:      layout_loops_ring, overflow_temple_1_default, kennysheep_mini_moat
D:6:      layout_basic, minitemple, serial_shops, shop_statue,
          roderic_roman_lattice, uniq_edmund
D:7:      lemuel_slime, layout_basic, temple_fountains,
          nicolae_ossuary_entry_monument, nrook_mini_vaults,
          nicolae_specific_store, hangedman_abyss_or_decor_passed
D:8:      layout_loops_corners, enter_bailey_2, hex_tiny,
          dreamdust_mushroom_princess, uniq_prince_ribbit1
D:9:      layout_roguey, lemuel_coloured_pillars_altar, general_overflow_altar,
          gammafunk_ghost_cemetery, kb_lookout_dungeons_type, uniq_grum
D:10:     layout_cave_pools, nemelex_spade_bored_becter,
          mainiacjoe_overflow_six_doors_small, dpeg_oklobed_lair, serial_park,
          serial_park_square1 [serial_park_minivault_5x5_8], minivault_4,
          hangedman_corner_corridor
D:11:     layout_loops_cross, serial_shops, bzr_firewalk
D:12:     layout_small_grid, nicolae_trove_entry_diagonal,
          gauntlet_entry_generic, gammafunk_ghost_nasty_kobolds
D:13:     layout_basic, serial_glass, glass_columns_b, glass_columns_a,
          glass_columns_c, glass_columns_a, glass_columns_b, glass_columns_a,
          uniq_nessos, uniq_erolcha, uniq_kirke
D:14:     layout_rooms, david_vaults_3, serial_shops, nicolae_shop_waterfront,
          nicolae_shop_temple_entry_statues_fountains,
          nicolae_qazlal_eye_of_the_storm, uniq_rupert
D:15:     gammafunk_depths_entry_grave, layout_basic, nicolae_water_bricks,
          lemuel_flamethrower_hall
Lair:1:   layout_chaotic_city, beast_lair_carwin_8
Lair:2:   layout_gridlike, guppyfry_snake_entry_island, beast_lair_carwin_3,
          uniq_erica
Lair:3:   layout_roguey, elwin_shoals_entry_stream,
          portal_ice_cave_entry_pillars_1, lemuel_fruit_tree,
          lemuel_fruit_fields, lemuel_fruit_fields, uniq_amaemon
Lair:4:   layout_misc_corridors, minmay_slime_entry_pillars, basic_altar,
          grunt_forest_large_clearing_hut, grunt_megastairs_3
Lair:5:   grunt_lair_end_beastmaster, layout_regular_city, enter_volcano_2,
          grunt_megastairs_2
Shoals:1: layout_shoals
Shoals:2: layout_shoals, nicolae_shoals_pincushion_passage
Shoals:3: cheibrodos_shoals_gigantism, layout_shoals
Shoals:4: shoals_end_grunt_garden, layout_shoals, uniq_polyphemus, uniq_mara
Snake:1:  layout_grid_maze, uniq_josephine
Snake:2:  layout_basic, serial_shops, nicolae_stop_n_shop_1,
          grunt_ministairs_11, uniq_vashnia
Snake:3:  layout_onion
Snake:4:  johnstein_snake_rune_scales, layout_basic, basic_altar
Orc:1:    layout_diamond_mine, serial_shops, shop, nicolae_diamond_shop,
          nicolae_shop_hallway_stairs, nicolae_alphabet_shops
Orc:2:    grunt_orc_community_town_hall, layout_caves,
          grunt_orc_community_big_house_2, grunt_orc_community_big_house_2,
          grunt_orc_community_house_3, grunt_orc_community_house_2,
          grunt_orc_community_house_2, grunt_orc_community_house_3,
          serial_shops, nicolae_diamond_shop
Vaults:1: nicolae_vaults_halls_meeting, grunt_vaults_focal, vaults_room_fours,
          vaults_room_grunt_arrival_ludios, vaults_room_ringed_pool,
          ontoclasm_vaults_pinch, hangedman_vaults_cutoff, vaults_dpeg_ring,
          nicolae_vaults_little_squares_2, ontoclasm_vaults_eye,
          v_alt_pattern_1, layout_vaults_omnicross, serial_shops,
          nicolae_shop_statue_plus, uniq_nikola
Vaults:2: v_rooms_2, v_misc_13, minmay_crypt_entry_simple_walls,
          st_greater_box_2, nicolae_vaults_asterisk, ontoclasm_vaults_twist,
          v_misc_26, vaults_mumra_hexcomb, layout_vaults_omnibox, uniq_xtahua
Vaults:3: v_misc_33, v_misc_5, nicolae_vaults_mini_display_case,
          layout_vaults_chaotic_city, serial_shops, bzr_entry_islet, uniq_sojobo
Vaults:4: portal_desolation_entry_holy_temple, ontoclasm_vaults_misaligned,
          nicolae_vaults_arrows, ontoclasm_vaults_loading_screen,
          hangedman_vaults_corner_blocks, hangedman_vaults_stream, st_lattice,
          nicolae_vaults_network_star, hangedman_vaults_corner,
          ontoclasm_vaults_shuriken, nicolae_vaults_specimen_jars,
          vaults_dpeg_diagonal, vaults_room_door_ring, v_pattern_1,
          layout_vaults_maze_snakey, uniq_saint_roka
Vaults:5: serial_shops
Depths:1: cheibrodos_witchhunters_guild, layout_gridlike, enter_ziggurat_a,
          lightli_too_deep, minmay_stone_trees_small, abyss_entry,
          minmay_crystal_box
Depths:2: minmay_bloctagon_deflated, layout_gridlike,
          hangedman_abyss_entry_splay, hangedman_geh_valley, serial_rivers,
          chequers_serial_rivers_large_a, chequers_serial_rivers_micro_c,
          chequers_serial_rivers_micro_e, chequers_serial_rivers_small_a,
          chequers_serial_rivers_small_b, chequers_serial_rivers_large_b,
          pan_entry, argonaut_fire_from_heaven, uniq_josephina
Depths:3: dreamdust_tengu_aerie, layout_cave_shapes, hell_entry, abyss_entry,
          nicolae_fountain_basement, serial_bayou_shore_b
Depths:4: grunt_zot_entry_tricorne, layout_cave_pools, minmay_room_of_horrors,
          hell_entry, chequers_serial_rivers_micro_c

Skill      XL: |  1  2  3  4  5  6  7  8  9 10 11 12 13 14 15 16 17 18 19 20 21 22 23 |
---------------+----------------------------------------------------------------------+-----
Axes           | 4 5 6 7 9 10 12 14 16 17 18 19 20 | 20.0
Fighting       | 4 5 6 8 9 11 13 14 16 18 20 22 24 25 26 | 26.0
Armour         | 3 4 5 7 8 12 14 17 19 20 21 22 24 | 24.7
Throwing       | 2 4 8 11 12 13 15 | 15.0
Dodging        | 3 4 5 6 7 8 9 10 11 12 | 12.0
Shields        | 7 14 16 17 21 22 | 22.8

Action                   |  1- 3 |  4- 6 |  7- 9 | 10-12 | 13-15 | 16-18 | 19-21 | 22-24 || total
-------------------------+-------+-------+-------+-------+-------+-------+-------+-------++-------
Melee: Hand axe          |    79 |   127 |   267 |   277 |       |       |       |       ||   750
       Headbutt          |    14 |    26 |    68 |    96 |   166 |   219 |   347 |   166 ||  1102
       Punch             |     1 |     2 |     5 |     5 |     5 |       |       |       ||    18
       War axe           |       |       |    37 |    94 |       |       |       |       ||   131
       Broad axe         |       |       |       |    74 |   646 |   936 |  1158 |   560 ||  3374
       Morningstar       |       |       |       |     1 |    86 |       |       |       ||    87
Throw: Boomerang         |       |    16 |    62 |    28 |    18 |     5 |       |       ||   129
       Javelin           |       |       |       |       |    34 |    96 |   115 |    31 ||   276
Invok: Berserk           |     2 |     4 |    11 |    21 |    30 |    30 |    18 |    14 ||   130
       Brothers in Arms  |       |       |       |     2 |    10 |    15 |    12 |     7 ||    46
       Trog's Hand       |       |       |       |       |     5 |    16 |    17 |     8 ||    46
Evoke: Wand              |       |       |       |       |       |       |     1 |       ||     1
  Use: Scroll            |     1 |     8 |    15 |     4 |     6 |     8 |     2 |     2 ||    46
       Potion            |       |     2 |     4 |       |     5 |     3 |     4 |       ||    18
 Stab: Distracted        |       |       |       |       |     1 |       |       |       ||     1
Armor: Animal skin       |     5 |       |       |       |       |       |       |       ||     5
       Leather armour    |     7 |    10 |       |       |       |       |       |       ||    17
       Plate armour      |       |    54 |   112 |    95 |   264 |   396 |   307 |   203 ||  1431
       Crystal plate arm |       |       |       |   118 |   230 |       |       |       ||   348
Dodge: Dodged            |    32 |    23 |    55 |   109 |   251 |   257 |   175 |    97 ||   999
       Repelled          |       |       |     2 |     2 |     3 |    23 |    16 |       ||    46
Block: Kite shield       |       |       |       |       |   299 |   503 |       |       ||   802
       Reflection        |       |       |       |       |       |    93 |    69 |    15 ||   177
       Tower shield      |       |       |       |       |       |   268 |   977 |   500 ||  1745

Table legend:
 A = Non-vault XP
 B = Vault XP
 C = Vault XP percentage of total XP
 D = Non-vault monster count
 E = Vault monster count
 F = Vault count percentage of total count
                 A         B        C        D         E       F
            +---------+---------+-------+---------+---------+-------
      Total |  449905 |  442002 |  49.6 |    1066 |     712 |  40.0
            +---------+---------+-------+---------+---------+-------
        D:1 |      34 |       0 |   0.0 |      20 |       0 |   0.0
        D:2 |      79 |      15 |  16.0 |      22 |       2 |   8.3
        D:3 |     148 |       0 |   0.0 |      20 |       0 |   0.0
        D:4 |     174 |       0 |   0.0 |      19 |       0 |   0.0
        D:5 |     823 |       0 |   0.0 |      22 |       0 |   0.0
        D:6 |     967 |     171 |  15.0 |      22 |       1 |   4.3
        D:7 |    1264 |     374 |  22.8 |      22 |      20 |  47.6
        D:8 |     908 |     268 |  22.8 |      24 |       1 |   4.0
        D:9 |    5542 |     644 |  10.4 |      43 |       5 |  10.4
       D:10 |    3777 |    2148 |  36.3 |      21 |       9 |  30.0
       D:11 |    2539 |       0 |   0.0 |      13 |       0 |   0.0
       D:12 |    3715 |       0 |   0.0 |      17 |       0 |   0.0
       D:13 |    8007 |    4368 |  35.3 |      23 |       8 |  25.8
       D:14 |    9570 |    8162 |  46.0 |      23 |      21 |  47.7
       D:15 |    8198 |    5310 |  39.3 |      19 |       8 |  29.6
     Lair:1 |    6915 |    3309 |  32.4 |      25 |       9 |  26.5
     Lair:2 |    2032 |    2014 |  49.8 |      10 |       9 |  47.4
     Lair:3 |    5366 |    2628 |  32.9 |      22 |       6 |  21.4
     Lair:4 |    3024 |    4691 |  60.8 |      14 |      13 |  48.1
     Lair:5 |   22984 |   11622 |  33.6 |      60 |      26 |  30.2
   Shoals:1 |   24705 |       0 |   0.0 |      50 |       0 |   0.0
   Shoals:2 |   20847 |    8361 |  28.6 |      38 |      10 |  20.8
   Shoals:3 |   25252 |    3211 |  11.3 |      51 |       4 |   7.3
   Shoals:4 |    4842 |   28883 |  85.6 |       7 |      40 |  85.1
    Snake:1 |   13950 |    2541 |  15.4 |      28 |       6 |  17.6
    Snake:2 |   15168 |    7056 |  31.7 |      33 |       7 |  17.5
    Snake:3 |   22409 |       0 |   0.0 |      37 |       0 |   0.0
    Snake:4 |   27651 |   25833 |  48.3 |      49 |      39 |  44.3
      Orc:1 |    3734 |       0 |   0.0 |      30 |       0 |   0.0
      Orc:2 |    3866 |    6975 |  64.3 |      21 |      68 |  76.4
   Vaults:1 |   19934 |   23876 |  54.5 |      34 |      28 |  45.2
   Vaults:2 |   22537 |   53318 |  70.3 |      33 |      56 |  62.9
   Vaults:3 |   34178 |   12928 |  27.4 |      43 |      11 |  20.4
   Vaults:4 |   23453 |   66973 |  74.1 |      33 |      86 |  72.3
   Vaults:5 |    9173 |   36859 |  80.1 |      11 |      33 |  75.0
   Depths:1 |    8885 |   29690 |  77.0 |      10 |      37 |  78.7
   Depths:2 |   32863 |   16076 |  32.8 |      39 |      10 |  20.4
   Depths:3 |   19894 |    9266 |  31.8 |      23 |      10 |  30.3
   Depths:4 |   30498 |   20611 |  40.3 |      35 |      30 |  46.2
    Ossuary |       0 |     211 | 100.0 |       0 |      12 | 100.0
 Desolation |       0 |   39986 | 100.0 |       0 |      81 | 100.0
   Gauntlet |       0 |    3624 | 100.0 |       0 |       6 | 100.0
            +---------+---------+-------+---------+---------+-------
